 Dungeon Crawl Stone Soup version 0.31-a0-177-g4aa6249778 (webtiles) character file.

Game seed: 1917951630581362032

436970 qw the Slayer (level 24, -2/168 HPs)
             Began as a Gargoyle Fighter on June 18, 2023.
             Was a High Priest of Okawaru.
             Killed from afar by an ironbound thunderhulk (7 damage)
             ... with a bolt of lightning
             ... led by a vault warden
             ... on level 5 of the Vaults.
             The game lasted 00:37:44 (53662 turns).

qw the Slayer (Gargoyle Fighter)                   Turns: 53662, Time: 00:37:45

Health: -2/168     AC: 53    Str: 40    XL:     24   Next: 3%
Magic:  27/27      EV: 16    Int: 18    God:    Okawaru [*****.]
Gold:   1253       SH: 25    Dex: 11    Spells: 23/23 levels left

rFire   + + .        C - +6 broad axe "Qeylle" {speed, Contam rElec Str+5 Int+8}
rCold   + . .        N - +1 tower shield {AC+3}
rNeg    + . .        c - +2 chain mail "Rinyudghe" {*Slow Will+++ Dex-4 Slay+3}
rPois   inf          K - +1 hat of Pozis {rElec rPois Dex+2 SInv}
rElec   +            t - +1 cloak of the World {rC+}
rCorr   .            G - +1 pair of gloves of the Boiling Point {rPois Will- Regen+ Dex+4}
SInv    +            u - +1 pair of boots of Sharp Wonder {rPois rF+}
Will    +++..        k - amulet of faith Stlth
                     P - +6 ring of strength
HPRegen 1.28/turn    M - +4 ring of protection
MPRegen 0.20/turn

%: slow self (1%), faith
@: heroic, flying
A: sickness immunity, AC +18, big wings, negative energy resistance 1,
electricity resistance, torment resistance 1, petrification resistance, fire
resistance 1, low MP 1, weak 1
}: 2/15 runes: barnacled, gossamer
a: Renounce Religion, Heroism, Finesse, Duel


You were on level 5 of the Vaults.
You worshipped Okawaru.
Okawaru was extremely pleased with you.
You visited 7 branches of the dungeon, and saw 39 of its levels.
You visited the Abyss 2 times.
You also visited: Gauntlet.

You collected 6253 gold pieces.
You spent 5000 gold pieces at shops.


Innate Abilities, Weirdness & Mutations

You are immune to sickness and miasma.
Your stone body is resilient. (AC +18)
You are immune to poison.
Your large and strong wings let you fly.
You resist negative energy. (rN+)
You are resistant to electric shocks. (rElec)
You are resistant to unholy torment.
You are immune to petrification.
Your flesh is heat resistant. (rF+)
Your magical capacity is low. (-10% MP)
You are weak. (Str -2)


   Skills:
 - Level 22.0(27) Fighting
 - Level 18.0(23.0) Axes
 - Level 13.0(18.0) Throwing
 - Level 18.0(23.0) Armour
 - Level 11.8(16.8) Dodging
 + Level 21.4(26.4) Shields
 - Level 10.0 Invocations


You had 23 spell levels left.
You didn't know any spells.
Your spell library was empty.

Inventory:

Hand Weapons
 C - the +6 broad axe "Qeylle" (weapon) {speed, Contam rElec Str+5 Int+8}
   (You acquired it in a Gauntlet)

   Str:       It affects your strength (+5).
   Int:       It affects your intelligence (+8).
   rElec:     It insulates you from electricity.
   Contam:    It causes magical contamination when unequipped.
 R - a +5 broad axe
Missiles
 A - 29 javelins (quivered)
 H - 8 silver javelins
Armour
 c - the +2 chain mail "Rinyudghe" (worn) {*Slow Will+++ Dex-4 Slay+3}
   (Okawaru gifted it to you on level 4 of the Vaults)

   Dex:       It affects your dexterity (-4).
   Slay:      It affects your accuracy & damage with ranged weapons and melee
   (+3).
   *Slow:     It may slow you when you take damage.
   Will:      It greatly increases your willpower.
 g - a scarf of resistance
 p - a +2 helmet
 r - the +7 chain mail of Insurance {+Inv rC- Str+6 Dex+3}
   (You bought it in a shop on level 3 of the Vaults)

   Str:       It affects your strength (+6).
   Dex:       It affects your dexterity (+3).
   rC:        It makes you vulnerable to cold.
   +Inv:      It lets you turn invisible.
 t - the +1 cloak of the World (worn) {rC+}
   (You found it on level 4 of the Dungeon)

   rC:        It protects you from cold.
 u - the +1 pair of boots of Sharp Wonder (worn) {rPois rF+}
   (You found it on level 3 of the Vaults)

   rF:        It protects you from fire.
   rPois:     It protects you from poison.
 G - the +1 pair of gloves of the Boiling Point (worn) {rPois Will- Regen+ Dex+4}
   (Okawaru gifted it to you on level 3 of the Spider Nest)

   Dex:       It affects your dexterity (+4).
   rPois:     It protects you from poison.
   Regen:     It increases your rate of health regeneration.
   Will:      It decreases your willpower.
 I - +0 gold dragon scales
 K - the +1 hat of Pozis (worn) {rElec rPois Dex+2 SInv}
   (Okawaru gifted it to you on level 4 of the Spider Nest)

   Dex:       It affects your dexterity (+2).
   rElec:     It insulates you from electricity.
   rPois:     It protects you from poison.
   SInv:      It lets you see invisible.
 N - a +1 tower shield of protection (worn)
 S - the +0 chain mail "Xeosifoh" {rPois rCorr}
   (You found it on level 4 of the Depths)

   rPois:     It protects you from poison.
   rCorr:     It protects you from acid and corrosion.
Jewellery
 h - a ring of ice
 k - an amulet of faith (around neck)
 m - a ring of resist corrosion
 q - a ring of protection from cold
 v - a ring of fire
 E - a ring of resist corrosion
 L - the ring of Xouwuletu {rElec rF+ Str+2 Int+2}
   (You found it in a Gauntlet)

   [ring of protection from fire]

   Str:       It affects your strength (+2).
   Int:       It affects your intelligence (+2).
   rF:        It protects you from fire.
   rElec:     It insulates you from electricity.
 M - a +4 ring of protection (right hand)
 O - an amulet of reflection
 P - a +6 ring of strength (left hand)
Wands
 y - a wand of digging (15)
Scrolls
 b - 3 scrolls of identify
 w - 2 scrolls of brand weapon
 B - 13 scrolls of teleportation
 F - 3 scrolls of enchant armour
 J - 3 scrolls of enchant weapon
Potions
 d - 5 potions of might
 e - 6 potions of attraction
 f - 3 potions of magic
 i - 11 potions of enlightenment
 j - 9 potions of curing
 l - 6 potions of lignification
 n - 13 potions of haste
 s - 13 potions of mutation
 x - 4 potions of cancellation
 D - 3 potions of resistance

Dungeon Overview and Level Annotations

Branches:
Dungeon (15/15)            Temple (0/1) D:5            Lair (5/5) D:11
 Shoals (4/4) Lair:3       Spider (4/4) Lair:2        Slime (0/5) Lair:5
    Orc (2/2) D:11            Elf (0/3) Orc:2        Vaults (5/5) D:14
  Crypt (0/3) Vaults:3     Depths (4/4) D:15            Zot (0/5) Depths:4
Gauntlet (visited)

Altars:
Ashenzari
Cheibriados
Dithmenos
Elyvilon
Fedhas
Gozag
Hepliaklqana
Kikubaaqudgha
Makhleb
Nemelex Xobeh
Okawaru
Qazlal
Ru
Sif Muna
Trog
Uskayaw
Vehumet
Wu Jian
Xom
Yredelemnul
Zin
The Shining One
Jiyva

Shops:
D:5 ?   Orc:1 !   Orc:2 ((*!   Shoals:4 (   Vaults:1 [   Vaults:3 ?*[*
Depths:1 :

Portals:
Hell: Depths:1 Depths:2 Depths:3 Depths:4
Abyss: Depths:3
Pandemonium: Depths:2 Depths:3
Ziggurat: Depths:4
Trove: D:12 (give 2 scrolls of acquirement)

Annotations:
D:4 2 transporters, qw's ghost, amateur NaHu
D:12 4 runed translucent doors
Lair:5 1 runed translucent door
Shoals:2 2 transporters, qw's ghost, adept GrFi
Shoals:4 2 transporters
Depths:1 1 runed translucent door


Message History

You slash the titan! You block the titan's attack.
The deep elf annihilator gestures wildly while chanting.
The deep elf annihilator blinks!
You slice the titan!!
The titan is severely wounded.
You hit the vault warden.
You hear a shout!
You slice the titan!!
You kill the titan!
Okawaru accepts your kill.
You slice the vault warden!! You block the vault warden's attack.
A stone giant comes into view.
You completely miss the vault warden.
The vault warden is moderately wounded.
An anaconda comes into view.
You carve the vault warden like a ham!!!
The vault warden is almost dead.
You hear a shout!
The deep elf annihilator casts a spell at you.
The crystal spear hits you!!
The vault warden hits you but does no damage.
You hit the vault warden.
The vault warden is almost dead.
The yaktaur captain shoots a bolt.
You block the bolt.
You cut the vault warden into ribbons!!!
You kill the vault warden!
Okawaru accepts your kill.
The runic seals fade away.
A vault warden comes into view.
It is wielding a +0 long sword and wearing the ring of Sorizofo {rN+ Will+ Str+4}.
Your base Throwing skill increases to level 13!
Your surroundings suddenly seem different.
A culicivora, an ironbound thunderhulk, an ironbound preserver and 2 vault guards come into view.
Found a ring mail.
The culicivora's many legs skitter faintly.
The ironbound thunderhulk shouts!
The vault guard shouts!
Electricity crackles from the ironbound thunderhulk's apparatus.
The bolt of lightning hits you! You resist.
You die...

###############
......[........
...............
##..........#
#..........#
#...@.s#
#.....#.#
#....#.#
#..Op##p#
#....# #.#
#....# #p#
#....# #.#
#....# #.


You could see an ironbound preserver, an ironbound thunderhulk, 2 vault guards
and a culicivora.

Vanquished Creatures
  A dread lich (Vaults:5)
  Mara (Vaults:2)
  2 golden dragons (Depths:4)
  Nikola (Shoals:3)
  A bone dragon (Depths:4)
  Arachne (Spider:4)
  2 hellephants (Depths:2)
  Rupert (D:15)
  2 liches
  An Ice Fiend (Depths:2)
  Asterion (Spider:2)
  2 tentacled monstrosities
  3 titans
  A quicksilver dragon (Vaults:5)
  2 krakens
  Frances (D:14)
  6 sphinxes
  A tentacled starspawn (Abyss:2)
  Agnes (D:15)
  3 storm dragons
  A tengu reaver (Vaults:4)
  A revenant (Vaults:3)
  A draconian knight (Depths:4)
  4 fire giants
  A nargun (Depths:2)
  A deep elf sorcerer (Abyss:2)
  Aizul (Spider:3)
  Louise (Spider:2)
  6 frost giants
  3 ghost moths
  22 vault wardens
  3 broodmothers
  A cacodemon (Depths:2)
  2 emperor scorpions (Spider:4)
  2 orc warlords
  2 war gargoyles
  19 ironbound preservers
  A draconian stormcaller (Depths:4)
  A formless jellyfish (Vaults:2)
  2 spriggan defenders (Depths:4)
  24 very ugly things
  7 stone giants
  A reaper (Depths:2)
  A vampire knight (Depths:1)
  Nessos (D:15)
  6 ironbound thunderhulks
  Azrael (D:15)
  A purple draconian (Depths:4)
  10 spark wasps
  A deep elf annihilator (Vaults:1)
  A black draconian (Depths:4)
  A yellow draconian (Depths:4)
  21 dire elephants
  3 white draconians (Depths:4)
  A minotaur (Gauntlet)
  A green death (Depths:3)
  6 ettins
  A blizzard demon (Depths:2)
  3 fire dragons
  6 merfolk impalers
  8 merfolk javelineers
  A jiangshi (Vaults:3)
  14 yaktaur captains
  3 deep elf high priests
  7 entropy weavers
  3 great orbs of eyes
  6 ice dragons
  5 rakshasas
  25 centaur warriors
  5 spriggan air magi
  3 catoblepae
  32 vault guards
  A peacekeeper (Vaults:3)
  10 hydras
  3 alligator snapping turtles (Shoals:3)
  A jorogumo (Spider:4)
  4 merfolk avatars
  5 radroaches
  4 ironbound frosthearts
  5 deep troll shamans
  11 boulder beetles
  3 merfolk aquamancers
  6 tengu warriors
  9 two-headed ogres
  2 satyrs
  17 hell hogs
  4 orc high priests (Orc:2)
  4 death yaks (Lair:5)
  3 deep troll earth magi
  7 demonic crawlers
  Urug (Lair:5)
  2 spriggan berserkers (Depths:1)
  A thrashing horror (Abyss:2)
  7 hell knights
  4 sun demons
  A shadow wraith (Vaults:2)
  A spriggan (Depths:1)
  4 pharaoh ants
  3 skysharks
  2 sixfirhies
  4 iron trolls (Depths:1)
  4 skeletal warriors (D:12)
  A sun moth (Spider:4)
  49 deep trolls
  Amaemon (Lair:1)
  4 sea snakes
  3 wretched stars (Abyss:2)
  A glowing orange brain (Depths:4)
  11 orb spiders
  An orb spider (shapeshifter) (Depths:3)
  2 orange crystal statues (Depths:2)
  2 spriggan simulacra (Depths:2)
  A flayed ghost (Depths:1)
  14 wizards
  14 orc knights
  A wolf spider zombie (D:15)
  4 necromancers
  14 ironbound convokers
  8 steelbarb worms
  5 phantasmal warriors
  66 ugly things
  10 orc sorcerers
  16 harpies
  23 lindwurms
  4 deep elf pyromancers
  6 fauns
  6 large abominations (Abyss:2)
  A human zombie (Vaults:4)
  3 moths of wrath (Spider:4)
  14 wolf spiders
  13 manticores
  2 rust devils
  5 cyclopes
  17 vault sentinels
  6 black mambas
  7 elephants
  11 merfolk sirens
  A guardian serpent (shapeshifter) (D:9)
  Joseph (D:7)
  32 slime creatures
  13 water nymphs
  A human skeleton (Vaults:4)
  An eye of devastation (Abyss:2)
  A naga mage (D:15)
  A smoke demon (Abyss:2)
  11 torpor snails
  3 molten gargoyles (Gauntlet)
  A guardian serpent (Abyss:2)
  An ice statue (Gauntlet)
  Maggie (Lair:2)
  17 cane toads
  6 gargoyles
  3 orange demons
  11 komodo dragons
  33 yaktaurs
  An unseen horror (D:12)
  3 rime drakes
  An unseen horror (shapeshifter) (Abyss:2)
  An efreet (Abyss:2)
  4 tengu conjurers
  2 golden dragon simulacra (Depths:2)
  4 freezing wraiths
  A redback zombie (D:15)
  11 trolls
  A red devil (Abyss:2)
  4 polar bears
  11 meliai
  29 merfolk
  A wolf spider simulacrum (D:15)
  9 wind drakes
  A hornet (Depths:1)
  A hellwing (Depths:2)
  24 tarantellas
  7 raiju (Abyss:2)
  13 blink frogs
  12 snapping turtles
  22 dream sheep
  A frost giant simulacrum (Depths:2)
  24 jumping spiders
  20 culicivoras
  A centaur simulacrum (D:15)
  2 ynoxinuls
  A shadow (D:9)
  A vampire (D:7)
  3 wraiths
  15 water elementals
  5 basilisks
  74 yaks
  A steam dragon (D:9)
  3 humans
  5 starcursed masses (Abyss:2)
  2 wyverns
  A steam dragon (shapeshifter) (D:13)
  4 fire elementals (D:15)
  2 chaos spawn
  3 neqoxecs (Abyss:2)
  59 redbacks
  4 vampire mosquitoes (D:11)
  2 human simulacra (Vaults:4)
  A redback simulacrum (D:15)
  6 wargs
  3 hell hounds
  3 acid dragons
  18 water moccasins
  41 orc warriors
  A sky beast (D:7)
  A black bear (Lair:1)
  9 ogres
  An ettin simulacrum (Depths:2)
  16 centaurs
  12 wolves
  Blork the orc (D:5)
  A gnoll sergeant (D:11)
  6 small abominations (Abyss:2)
  8 bullfrogs
  4 scorpions
  13 wights
  9 killer bees
  An electric eel (Spider:1)
  9 howler monkeys
  3 hounds
  2 quasits (Abyss:2)
  An iron imp (Abyss:2)
  8 jellies
  30 orc priests
  2 gnoll boudas
  Natasha (thrice) (D:4)
  An iguana (D:6)
  2 sleepcaps
  12 orc wizards
  Robin (D:2)
  10 gnolls
  A river rat (D:5)
  6 adders
  2 shadow imps
  4 white imps
  An ufetubus (Abyss:2)
  5 worms
  3 dart slugs
  105 orcs
  7 ball pythons
  8 endoplasms
  4 giant cockroaches
  7 hobgoblins
  5 jackals (D:1)
  9 kobolds
  5 quokkas
  4 bats
  7 frilled lizards
  15 goblins
  7 rats
  4 spectral weapons
  A starspawn tentacle (Abyss:2)
  5 tentacles
1785 creatures vanquished.

Vanquished Creatures (others)
  A wizard (Vaults:3)
  An ugly thing (Depths:2)
  A boggart (Vaults:3)
  A lurking horror (Abyss:2)
  A starspawn tentacle (Abyss:2)
  3 tentacles
8 creatures vanquished.

Grand Total: 1793 creatures vanquished

Notes
Turn   | Place    | Note
-------+----------+-------------------------------------------
     0 | D:1      | qw the Gargoyle Fighter began the quest for the Orb.
     0 | D:1      | Reached XP level 1. HP: 14/14 MP: 1/1
     0 | D:1      | 0 ||| qw: Version: 0.3-a-5-g6f28e65
     0 | D:1      | 0 ||| qw: Game counter: 697
     0 | D:1      | 0 ||| qw: Always use a shield: true
     0 | D:1      | 0 ||| qw: God list: Okawaru
     0 | D:1      | 0 ||| qw: Allow faded altars: false
     0 | D:1      | 0 ||| qw: Do Orc after D:15 true
     0 | D:1      | 0 ||| qw: Do second Lair branch before Depths: true
     0 | D:1      | 0 ||| qw: Lair rune preference: random
     0 | D:1      | 0 ||| qw: Plans: Normal, Zot:1-4, Slime:5, God:TSO, Crypt,
                  | Tomb, Abyss, Pan, Hells, Win
     0 | D:1      | 0 ||| PLANNING D:1-11
    58 | D:1      | Reached XP level 2. HP: 9/19 MP: 2/2
   346 | D:1      | Reached skill level 3 in Axes
   352 | D:1      | Reached XP level 3. HP: 23/23 MP: 3/3
  1101 | D:1      | 1101 ||| UPGRADING to +2 scale mail of poison resistance.
  1111 | D:1      | 1111 ||| DROPPING +0 scale mail.
  1112 | D:1      | 1112 ||| UPGRADING to amulet of faith.
  1117 | D:1      | 1117 ||| READING scroll labelled INYLIN LADERPHE.
  1118 | D:1      | 1118 ||| READING scroll labelled ZUM KAJEICIAB.
  1119 | D:1      | 1119 ||| DRINKING 2 bubbling dark potions.
  1207 | D:2      | 1207 ||| Stepping ~*~*~tactically~*~*~ (hiding).
  1208 | D:2      | 1208 ||| Stepping ~*~*~tactically~*~*~ (hiding).
  1219 | D:2      | Reached skill level 1 in Throwing
  1346 | D:2      | 1346 ||| Stepping ~*~*~tactically~*~*~ (stealth).
  1713 | D:2      | Reached XP level 4. HP: 28/28 MP: 4/4
  1722 | D:2      | Noticed Robin
  1732 | D:2      | HP: 7/28 [gnoll/+0 whip (2)]
  1734 | D:2      | HP: 2/28 [goblin/sling bullet[Robin] (5)]
  1738 | D:2      | Killed Robin
  1740 | D:2      | HP: 3/28 [goblin/+0 dagger[Robin] (1)]
  1845 | D:2      | 1845 ||| DROPPING +0 mace.
  1974 | D:2      | Found a faded altar of an unknown god.
  2032 | D:2      | 2032 ||| UPGRADING to +0 helmet.
  2037 | D:2      | 2037 ||| READING scroll labelled ONEGRA BUQE.
  2040 | D:2      | 2040 ||| READING scroll labelled DAXOS QIEDA.
  2041 | D:2      | 2041 ||| READING 2 scrolls labelled CUOWUU SODD.
  2042 | D:2      | 2042 ||| READING scroll labelled TEWAUX NECI.
  2043 | D:2      | 2043 ||| DROPPING scroll of blinking.
  2076 | D:3      | 2076 ||| STAIRDANCE
  2137 | D:3      | Found a burning altar of Makhleb.
  2159 | D:3      | Reached XP level 5. HP: 32/32 MP: 5/5
  2214 | D:3      | 2214 ||| Stepping ~*~*~tactically~*~*~ (hiding).
  2217 | D:3      | 2217 ||| Stepping ~*~*~tactically~*~*~ (hiding).
  2438 | D:3      | 2438 ||| Stepping ~*~*~tactically~*~*~ (stealth).
  2439 | D:3      | 2439 ||| Stepping ~*~*~tactically~*~*~ (stealth).
  2529 | D:3      | Noticed a +0 spear
  2529 | D:3      | Noticed a +0 short sword
  2530 | D:3      | Noticed a +0 falchion
  2530 | D:3      | Noticed a +0 dagger
  2530 | D:3      | Noticed a +0 spear
  2530 | D:3      | Noticed a +0 falchion
  2532 | D:3      | Noticed a +0 short sword
  2532 | D:3      | Noticed a +0 dagger
  2534 | D:3      | 2534 ||| READING scroll labelled WABUVE AHAUH.
  2535 | D:3      | 2535 ||| FLEEEEING.
  2536 | D:3      | 2536 ||| FLEEEEING.
  2579 | D:3      | 2579 ||| Stepping ~*~*~tactically~*~*~ (stealth).
  2584 | D:3      | 2584 ||| Stepping ~*~*~tactically~*~*~ (stealth).
  2585 | D:3      | 2585 ||| Stepping ~*~*~tactically~*~*~ (stealth).
  2586 | D:3      | 2586 ||| Stepping ~*~*~tactically~*~*~ (stealth).
  2587 | D:3      | 2587 ||| Stepping ~*~*~tactically~*~*~ (stealth).
  2600 | D:3      | Found a hide-covered altar of Uskayaw.
  2939 | D:3      | 2939 ||| DRINKING 2 fuming red potions.
  2981 | D:4      | Found a snail-covered altar of Cheibriados.
  3042 | D:4      | Found a radiant altar of Vehumet.
  3110 | D:4      | Identified the +0 ring mail "Guav" {+Blink rElec rN+ Dex+4
                  | Slay-4}
  3110 | D:4      | Noticed Natasha
  3115 | D:4      | Killed Natasha
  3167 | D:4      | 3167 ||| Stepping ~*~*~tactically~*~*~ (hiding).
  3286 | D:4      | Reached XP level 6. HP: 38/38 MP: 6/6
  3297 | D:4      | 3297 ||| Stepping ~*~*~tactically~*~*~ (hiding).
  3299 | D:4      | 3299 ||| Stepping ~*~*~tactically~*~*~ (hiding).
  3300 | D:4      | 3300 ||| Stepping ~*~*~tactically~*~*~ (hiding).
  3301 | D:4      | 3301 ||| Stepping ~*~*~tactically~*~*~ (hiding).
  3308 | D:4      | Reached skill level 4 in Fighting
  3363 | D:4      | Found a shimmering blue altar of Sif Muna.
  3364 | D:4      | Found an ornate altar of the Wu Jian Council.
  3372 | D:4      | Found a sparkling altar of Nemelex Xobeh.
  3375 | D:4      | Found an iron altar of Okawaru.
  3376 | D:4      | 3376 ||| PLANNING OKAWARU WORSHIP
  3376 | D:4      | 3376 ||| DROPPING +0 ring mail "Guav" {+Blink rElec rN+
                  | Dex+4 Slay-4}.
  3377 | D:4      | 3377 ||| UPGRADING to +0 pair of boots.
  3383 | D:4      | Found a shadowy altar of Dithmenos.
  3387 | D:4      | Became a worshipper of Warmaster Okawaru
  3388 | D:4      | 3388 ||| PLANNING D:1-11
  3389 | D:4      | Found an opulent altar of Gozag.
  3435 | D:4      | Found an ancient bone altar of Kikubaaqudgha.
  3587 | D:4      | 3587 ||| Stepping ~*~*~tactically~*~*~ (hiding).
  3594 | D:4      | Reached skill level 1 in Dodging
  3611 | D:4      | HP: 8/39 [gnoll/+0 halberd[a gnoll bouda] (3)]
  3831 | D:4      | Noticed Natasha
  3848 | D:4      | Killed Natasha
  3849 | D:4      | Reached XP level 7. HP: 36/44 MP: 7/7
  3856 | D:4      | Noticed Natasha
  3857 | D:4      | 3857 ||| FLEEEEING.
  3949 | D:4      | 3949 ||| Stepping ~*~*~tactically~*~*~ (hiding).
  3964 | D:4      | Killed Natasha
  4077 | D:4      | Found a transporter.
  4115 | D:4      | Identified the +1 cloak of the World {rC+}
  4123 | D:4      | Noticed qw's ghost (amateur NaHu)
  4129 | D:4      | Found a transporter.
  4130 | D:4      | 4130 ||| UPGRADING to +1 cloak of the World {rC+}.
  4135 | D:4      | 4135 ||| UPGRADING to ring of resist corrosion.
  4168 | D:5      | Entered Level 5 of the Dungeon
  4169 | D:5      | 4169 ||| PLANNING SEWER
  4295 | D:5      | Found a white marble altar of Elyvilon.
  4321 | D:5      | Reached skill level 6 in Axes
  4400 | D:5      | Found a sacrificial altar of Ru.
  4520 | D:5      | 4520 ||| Stepping ~*~*~tactically~*~*~ (hiding).
  4521 | D:5      | 4521 ||| Stepping ~*~*~tactically~*~*~ (hiding).
  4522 | D:5      | 4522 ||| Stepping ~*~*~tactically~*~*~ (hiding).
  4523 | D:5      | 4523 ||| Stepping ~*~*~tactically~*~*~ (hiding).
  4524 | D:5      | 4524 ||| Stepping ~*~*~tactically~*~*~ (hiding).
  4532 | D:5      | Reached * piety under Okawaru
  4687 | D:5      | Noticed Blork the orc
  4688 | D:5      | 4688 ||| INVOKING Heroism.
  4699 | D:5      | 4699 ||| INVOKING Heroism.
  4715 | D:5      | Killed Blork the orc
  4716 | D:5      | Reached skill level 5 in Fighting
  4858 | D:5      | 4858 ||| RIP SEWER
  4861 | D:5      | 4861 ||| PLANNING D:1-11
  4908 | D:5      | 4908 ||| Stepping ~*~*~tactically~*~*~ (stealth).
  4917 | D:5      | Reached XP level 8. HP: 42/49 MP: 8/8
  5054 | D:5      | Reached skill level 1 in Invocations
  5095 | D:5      | Found a bloodstained altar of Trog.
  5103 | D:5      | Found Ighusush's Magic Scroll Shop.
  5111 | D:5      | 5111 ||| SHOPLISTING 3 scrolls of enchant armour (315 gold,
                  | have 312).
  5111 | D:5      | 5111 ||| BUYING scroll of enchant weapon (105 gold).
  5111 | D:5      | Bought a scroll of enchant weapon for 105 gold pieces
  5111 | D:5      | 5111 ||| BUYING scroll of enchant weapon (105 gold).
  5111 | D:5      | Bought a scroll of enchant weapon for 105 gold pieces
  5111 | D:5      | 5111 ||| BUYING scroll of identify (28 gold).
  5111 | D:5      | Bought a scroll of identify for 28 gold pieces
  5111 | D:5      | 5111 ||| BUYING scroll of identify (28 gold).
  5111 | D:5      | Bought a scroll of identify for 28 gold pieces
  5111 | D:5      | 5111 ||| BUYING scroll of teleportation (42 gold).
  5111 | D:5      | Bought a scroll of teleportation for 42 gold pieces
  5111 | D:5      | 5111 ||| READING 2 scrolls of enchant weapon.
  5111 | D:5      | 5111 ||| ENCHANTING +0 war axe.
  5112 | D:5      | 5112 ||| READING scroll of enchant weapon.
  5112 | D:5      | 5112 ||| ENCHANTING +1 war axe.
  5123 | D:5      | 5123 ||| SWAPPING to +2 war axe of venom.
  5124 | D:5      | 5124 ||| DROPPING +2 war axe.
  5187 | D:5      | Found a staircase to the Ecumenical Temple.
  5563 | D:5      | 5563 ||| DRINKING 4 amethyst potions.
  5564 | D:5      | 5564 ||| READING 3 scrolls of identify.
  5564 | D:5      | 5564 ||| IDENTIFYING coppery potion
  5565 | D:5      | 5565 ||| READING 2 scrolls of identify.
  5565 | D:5      | 5565 ||| IDENTIFYING fizzy ruby potion
  5566 | D:5      | 5566 ||| DROPPING potion of degeneration.
  5567 | D:5      | 5567 ||| DROPPING potion of berserk rage.
  5598 | D:6      | 5598 ||| Stepping ~*~*~tactically~*~*~ (hiding).
  5602 | D:6      | 5602 ||| Stepping ~*~*~tactically~*~*~ (hiding).
  5606 | D:6      | 5606 ||| INVOKING Heroism.
  5664 | D:6      | 5664 ||| Stepping ~*~*~tactically~*~*~ (hiding).
  5670 | D:6      | Reached skill level 3 in Invocations
  5769 | D:6      | Found a shimmering altar of Xom.
  5795 | D:6      | 5795 ||| Stepping ~*~*~tactically~*~*~ (hiding).
  5923 | D:6      | 5923 ||| Stepping ~*~*~tactically~*~*~ (hiding).
  5924 | D:6      | 5924 ||| Stepping ~*~*~tactically~*~*~ (hiding).
  6123 | D:6      | 6123 ||| Stepping ~*~*~tactically~*~*~ (stealth).
  6126 | D:6      | 6126 ||| FLEEEEING.
  6127 | D:6      | 6127 ||| FLEEEEING.
  6128 | D:6      | 6128 ||| FLEEEEING.
  6129 | D:6      | 6129 ||| FLEEEEING.
  6130 | D:6      | 6130 ||| FLEEEEING.
  6131 | D:6      | 6131 ||| FLEEEEING.
  6132 | D:6      | 6132 ||| FLEEEEING.
  6133 | D:6      | 6133 ||| FLEEEEING.
  6134 | D:6      | 6134 ||| FLEEEEING.
  6135 | D:6      | 6135 ||| FLEEEEING.
  6136 | D:6      | 6136 ||| FLEEEEING.
  6137 | D:6      | 6137 ||| FLEEEEING.
  6138 | D:6      | 6138 ||| FLEEEEING.
  6144 | D:6      | 6144 ||| FLEEEEING.
  6145 | D:6      | 6145 ||| FLEEEEING.
  6146 | D:6      | 6146 ||| FLEEEEING.
  6162 | D:6      | 6162 ||| FLEEEEING.
  6163 | D:6      | 6163 ||| FLEEEEING.
  6164 | D:6      | 6164 ||| FLEEEEING.
  6165 | D:6      | 6165 ||| FLEEEEING.
  6166 | D:6      | 6166 ||| FLEEEEING.
  6167 | D:6      | 6167 ||| FLEEEEING.
  6168 | D:6      | 6168 ||| FLEEEEING.
  6169 | D:6      | 6169 ||| FLEEEEING.
  6170 | D:6      | 6170 ||| FLEEEEING.
  6171 | D:6      | 6171 ||| FLEEEEING.
  6172 | D:6      | 6172 ||| STAIRDANCE
  6188 | D:5      | 6188 ||| READING scroll labelled IXTOUJ FIMUX.
  6376 | D:6      | Noticed a yak
  6377 | D:6      | Noticed a yak
  6378 | D:6      | Noticed a yak
  6379 | D:6      | Noticed a yak
  6381 | D:6      | Noticed a yak
  6383 | D:6      | 6383 ||| INVOKING Heroism.
  6383 | D:6      | Noticed a yak
  6386 | D:6      | Killed a yak
  6390 | D:6      | Killed a yak
  6391 | D:6      | Reached XP level 9. HP: 32/55 MP: 9/12
  6394 | D:6      | Reached ** piety under Okawaru
  6395 | D:6      | Reached skill level 6 in Fighting
  6397 | D:6      | HP: 5/56 [yak (10)]
  6398 | D:6      | 6398 ||| READING scroll of teleportation.
  6399 | D:6      | 6399 ||| DRINKING 2 potions of heal wounds.
  6400 | D:6      | 6400 ||| INVOKING Heroism.
  6401 | D:6      | 6401 ||| DRINKING potion of heal wounds.
  6403 | D:6      | Reached skill level 9 in Axes
  6645 | D:7      | 6645 ||| INVOKING Heroism.
  6752 | D:7      | 6752 ||| Stepping ~*~*~tactically~*~*~ (stealth).
  6777 | D:7      | 6777 ||| Stepping ~*~*~tactically~*~*~ (stealth).
  6804 | D:7      | HP: 13/56 [something (7)]
  6806 | D:7      | HP: 2/56 [something (7)]
  6808 | D:7      | 6808 ||| DRINKING 3 potions of curing.
  6808 | D:7      | 6808 ||| (to cure confusion)
  6977 | D:7      | 6977 ||| DROPPING +2 antimagic flail.
  6978 | D:7      | 6978 ||| DROPPING +0 flail.
  6985 | D:7      | 6985 ||| Stepping ~*~*~tactically~*~*~ (hiding).
  6995 | D:7      | Reached skill level 7 in Fighting
  7078 | D:7      | 7078 ||| INVOKING Heroism.
  7079 | D:7      | HP: 10/57 [wight/+3 great sword (6)]
  7080 | D:7      | 7080 ||| READING scroll of teleportation.
  7081 | D:7      | 7081 ||| DRINKING potion of heal wounds.
  7123 | D:7      | 7123 ||| Stepping ~*~*~tactically~*~*~ (stealth).
  7133 | D:7      | 7133 ||| INVOKING Heroism.
  7294 | D:7      | Noticed Joseph
  7295 | D:7      | 7295 ||| Stepping ~*~*~tactically~*~*~ (hiding).
  7313 | D:7      | Killed Joseph
  7313 | D:7      | Reached *** piety under Okawaru
  7498 | D:7      | Reached XP level 10. HP: 63/63 MP: 13/13
  7619 | D:7      | Received a gift from Okawaru
  7620 | D:7      | Reached skill level 8 in Fighting
  7868 | D:7      | Found a hazy altar of Hepliaklqana.
  8121 | D:7      | 8121 ||| DRINKING 2 grey potions.
  8122 | D:7      | 8122 ||| READING 2 scrolls of identify.
  8122 | D:7      | 8122 ||| IDENTIFYING golden potion
  8123 | D:7      | 8123 ||| DROPPING potion of brilliance.
  8303 | D:8      | Found a blossoming altar of Fedhas.
  8343 | D:8      | 8343 ||| INVOKING Heroism.
  8454 | D:8      | 8454 ||| Stepping ~*~*~tactically~*~*~ (stealth).
  8467 | D:8      | 8467 ||| INVOKING Heroism.
  8475 | D:8      | Noticed a manticore
  8484 | D:8      | HP: 16/64 [manticore (5)]
  8484 | D:8      | HP: 7/64 [manticore (9)]
  8485 | D:8      | 8485 ||| DRINKING potion of heal wounds.
  8488 | D:8      | 8488 ||| INVOKING Heroism.
  8488 | D:8      | Killed a manticore
  8720 | D:8      | Found a stormy altar of Qazlal.
  8749 | D:8      | Noticed a lindwurm
  8750 | D:8      | 8750 ||| INVOKING Heroism.
  8750 | D:8      | Noticed a lindwurm
  8757 | D:8      | Noticed a lindwurm
  8762 | D:8      | Noticed a lindwurm
  8766 | D:8      | 8766 ||| INVOKING Heroism.
  8774 | D:8      | Killed a lindwurm
  8780 | D:8      | Killed a lindwurm
  8788 | D:8      | 8788 ||| INVOKING Heroism.
  8790 | D:8      | Killed a lindwurm
  8790 | D:8      | Reached **** piety under Okawaru
  8800 | D:8      | 8800 ||| INVOKING Heroism.
  8809 | D:8      | Killed a lindwurm
  8968 | D:8      | 8968 ||| UPGRADING to +0 chain mail.
  8978 | D:8      | 8978 ||| DROPPING +2 scale mail of poison resistance.
  8979 | D:8      | 8979 ||| READING scroll labelled BUEM YSUDARY.
  9063 | D:9      | Reached XP level 11. HP: 68/69 MP: 14/14
  9094 | D:9      | 9094 ||| Stepping ~*~*~tactically~*~*~ (stealth).
  9095 | D:9      | 9095 ||| Stepping ~*~*~tactically~*~*~ (stealth).
  9114 | D:9      | Reached skill level 6 in Armour
  9121 | D:9      | Reached skill level 9 in Fighting
  9215 | D:9      | 9215 ||| Stepping ~*~*~tactically~*~*~ (stealth).
  9219 | D:9      | Reached ***** piety under Okawaru
  9231 | D:9      | 9231 ||| Stepping ~*~*~tactically~*~*~ (stealth).
  9233 | D:9      | 9233 ||| Stepping ~*~*~tactically~*~*~ (hiding).
  9364 | D:9      | 9364 ||| Stepping ~*~*~tactically~*~*~ (stealth).
  9381 | D:9      | Received a gift from Okawaru
  9382 | D:9      | 9382 ||| INVOKING Heroism.
  9391 | D:9      | Reached skill level 6 in Invocations
  9391 | D:9      | 9391 ||| Stepping ~*~*~tactically~*~*~ (cloud).
  9395 | D:9      | HP: 14/71 [steam dragon] (5)]
  9396 | D:9      | 9396 ||| READING scroll of teleportation.
  9949 | D:9      | Noticed a two-headed ogre
  9950 | D:9      | 9950 ||| INVOKING Heroism.
  9968 | D:9      | Killed a two-headed ogre
  9968 | D:9      | Received a gift from Okawaru
 10123 | D:9      | 10123 ||| SWAPPING to +4 war axe of freezing.
 10124 | D:9      | 10124 ||| DROPPING +2 war axe of venom.
 10136 | D:9      | 10136 ||| INVOKING Heroism.
 10162 | D:9      | Found a glowing silver altar of Zin.
 10162 | D:9      | Noticed an angel
 10200 | D:9      | Noticed a two-headed ogre
 10201 | D:9      | 10201 ||| INVOKING Heroism.
 10205 | D:9      | Killed a two-headed ogre
 10269 | D:9      | Found a basalt altar of Yredelemnul.
 10270 | D:9      | 10270 ||| Stepping ~*~*~tactically~*~*~ (hiding).
 10593 | D:9      | 10593 ||| DROPPING scarf of invisibility.
 10594 | D:9      | 10594 ||| READING scroll labelled GILOUM SEAVVI.
 10595 | D:9      | 10595 ||| READING scroll labelled YXKOYR WOOCEG.
 10596 | D:9      | 10596 ||| READING 4 scrolls of identify.
 10596 | D:9      | 10596 ||| IDENTIFYING pink potion
 10597 | D:9      | 10597 ||| READING 3 scrolls of identify.
 10597 | D:9      | 10597 ||| IDENTIFYING orange potion
 10598 | D:9      | 10598 ||| READING 2 scrolls of identify.
 10598 | D:9      | 10598 ||| IDENTIFYING bubbling puce potion
 10599 | D:9      | 10599 ||| DROPPING potion of invisibility.
 10619 | D:10     | Entered Level 10 of the Dungeon
 10624 | D:10     | 10624 ||| STAIRDANCE
 10628 | D:9      | 10628 ||| INVOKING Heroism.
 10635 | D:9      | Received a gift from Okawaru
 10704 | D:10     | 10704 ||| INVOKING Heroism.
 10709 | D:10     | Reached skill level 3 in Throwing
 10752 | D:10     | 10752 ||| FLEEEEING.
 10753 | D:10     | 10753 ||| STAIRDANCE
 10818 | D:10     | Identified the +5 chain mail of the Swamp {Dex+2} (Okawaru
                  | gifted it to you on level 10 of the Dungeon)
 10818 | D:10     | Received a gift from Okawaru
 10961 | D:10     | Noticed a two-headed ogre
 10962 | D:10     | 10962 ||| INVOKING Heroism.
 10968 | D:10     | Killed a two-headed ogre
 10969 | D:10     | Reached skill level 12 in Axes
 10980 | D:10     | Found a broken altar of Ashenzari.
 11041 | D:10     | 11041 ||| Stepping ~*~*~tactically~*~*~ (hiding).
 11047 | D:10     | Reached XP level 12. HP: 68/76 MP: 18/18
 11064 | D:10     | 11064 ||| INVOKING Heroism.
 11066 | D:10     | Reached skill level 9 in Invocations
 11168 | D:10     | Found a glowing golden altar of the Shining One.
 11385 | D:10     | 11385 ||| UPGRADING to +5 chain mail of the Swamp {Dex+2}.
 11395 | D:10     | 11395 ||| DROPPING +0 chain mail.
 11527 | D:11     | Reached skill level 6 in Shields
 11624 | D:11     | 11624 ||| Stepping ~*~*~tactically~*~*~ (stealth).
 11654 | D:11     | Found a staircase to the Lair.
 11660 | D:11     | 11660 ||| Stepping ~*~*~tactically~*~*~ (stealth).
 11673 | D:11     | 11673 ||| FLEEEEING.
 11674 | D:11     | 11674 ||| FLEEEEING.
 11675 | D:11     | 11675 ||| FLEEEEING.
 11676 | D:11     | 11676 ||| FLEEEEING.
 11677 | D:11     | 11677 ||| FLEEEEING.
 11678 | D:11     | 11678 ||| FLEEEEING.
 11679 | D:11     | 11679 ||| FLEEEEING.
 11680 | D:11     | 11680 ||| FLEEEEING.
 11682 | D:11     | 11682 ||| FLEEEEING.
 11683 | D:11     | 11683 ||| FLEEEEING.
 11684 | D:11     | 11684 ||| FLEEEEING.
 11685 | D:11     | 11685 ||| FLEEEEING.
 11776 | D:11     | 11776 ||| INVOKING Heroism.
 11881 | D:11     | 11881 ||| Stepping ~*~*~tactically~*~*~ (stealth).
 11884 | D:11     | 11884 ||| Stepping ~*~*~tactically~*~*~ (stealth).
 11885 | D:11     | 11885 ||| INVOKING Heroism.
 12010 | D:11     | Identified the +3 leather armour of Sorcery {rF+ Will++}
 12200 | D:11     | Reached skill level 10 in Fighting
 12333 | D:11     | 12333 ||| INVOKING Heroism.
 12561 | D:11     | Found a staircase to the Orcish Mines.
 12571 | D:11     | 12571 ||| PLANNING LAIR
 12571 | D:11     | 12571 ||| READING scroll labelled XIRHUNLU YNUTI.
 12572 | D:11     | 12572 ||| READING 2 scrolls of identify.
 12572 | D:11     | 12572 ||| IDENTIFYING glowing yellow potion
 12608 | Lair:1   | Entered Level 1 of the Lair of Beasts
 12817 | Lair:1   | 12817 ||| Stepping ~*~*~tactically~*~*~ (stealth).
 12818 | Lair:1   | 12818 ||| INVOKING Heroism.
 12821 | Lair:1   | 12821 ||| Stepping ~*~*~tactically~*~*~ (stealth).
 12822 | Lair:1   | 12822 ||| Stepping ~*~*~tactically~*~*~ (stealth).
 12963 | Lair:1   | 12963 ||| INVOKING Heroism.
 12982 | Lair:1   | Received a gift from Okawaru
 13086 | Lair:1   | Noticed Amaemon
 13087 | Lair:1   | 13087 ||| INVOKING Heroism.
 13091 | Lair:1   | Killed Amaemon
 13230 | Lair:1   | 13230 ||| Stepping ~*~*~tactically~*~*~ (stealth).
 13292 | Lair:1   | 13292 ||| Stepping ~*~*~tactically~*~*~ (stealth).
 13329 | Lair:1   | 13329 ||| READING scroll of enchant armour.
 13329 | Lair:1   | 13329 ||| ENCHANTING +0 helmet.
 13348 | Lair:1   | Reached XP level 13. HP: 82/82 MP: 20/20
 13376 | Lair:1   | Reached skill level 3 in Dodging
 13583 | Lair:2   | 13583 ||| Stepping ~*~*~tactically~*~*~ (stealth).
 13645 | Lair:2   | Noticed Maggie
 13649 | Lair:2   | 13649 ||| INVOKING Heroism.
 13653 | Lair:2   | Killed Maggie
 13696 | Lair:2   | Received a gift from Okawaru
 13716 | Lair:2   | 13716 ||| Stepping ~*~*~tactically~*~*~ (stealth).
 13718 | Lair:2   | 13718 ||| INVOKING Heroism.
 13719 | Lair:2   | 13719 ||| INVOKING Finesse.
 13721 | Lair:2   | 13721 ||| SWAPPING to +1 hand axe of flaming.
 13729 | Lair:2   | 13729 ||| SWAPPING to +4 war axe of freezing.
 13798 | Lair:2   | Identified the orb of Irchawkash {guile, rElec}
 14016 | Lair:2   | 14016 ||| INVOKING Heroism.
 14067 | Lair:2   | 14067 ||| Stepping ~*~*~tactically~*~*~ (stealth).
 14069 | Lair:2   | 14069 ||| Stepping ~*~*~tactically~*~*~ (stealth).
 14071 | Lair:2   | 14071 ||| INVOKING Heroism.
 14258 | Lair:2   | 14258 ||| Stepping ~*~*~tactically~*~*~ (hiding).
 14318 | Lair:2   | 14318 ||| Stepping ~*~*~tactically~*~*~ (hiding).
 14319 | Lair:2   | 14319 ||| Stepping ~*~*~tactically~*~*~ (hiding).
 14321 | Lair:2   | Found a hole to the Spider Nest.
 14327 | Lair:2   | 14327 ||| INVOKING Heroism.
 14741 | Lair:2   | 14741 ||| UPGRADING to +0 pair of gloves.
 14746 | Lair:2   | 14746 ||| DROPPING orb of Irchawkash {guile, rElec}.
 14747 | Lair:2   | 14747 ||| UPGRADING to ring of protection from cold.
 14847 | Lair:3   | 14847 ||| Stepping ~*~*~tactically~*~*~ (stealth).
 14852 | Lair:3   | 14852 ||| Stepping ~*~*~tactically~*~*~ (stealth).
 14860 | Lair:3   | Received a gift from Okawaru
 15023 | Lair:3   | 15023 ||| INVOKING Heroism.
 15105 | Lair:3   | 15105 ||| INVOKING Heroism.
 15106 | Lair:3   | 15106 ||| INVOKING Finesse.
 15110 | Lair:3   | Reached skill level 9 in Armour
 15419 | Lair:3   | 15419 ||| INVOKING Heroism.
 15421 | Lair:3   | 15421 ||| INVOKING Finesse.
 15426 | Lair:3   | 15426 ||| SWAPPING to +1 hand axe of flaming.
 15429 | Lair:3   | 15429 ||| SWAPPING to +4 war axe of freezing.
 15606 | Lair:3   | 15606 ||| INVOKING Heroism.
 15684 | Lair:3   | 15684 ||| INVOKING Heroism.
 15685 | Lair:3   | Found a staircase to the Shoals.
 15697 | Lair:3   | Received a gift from Okawaru
 15730 | Lair:3   | 15730 ||| Stepping ~*~*~tactically~*~*~ (stealth).
 15742 | Lair:3   | 15742 ||| INVOKING Heroism.
 15745 | Lair:3   | Reached skill level 11 in Fighting
 16204 | Lair:3   | 16204 ||| UPGRADING to +6 ring of dexterity.
 16206 | Lair:3   | 16206 ||| DRINKING 2 black potions.
 16243 | Lair:4   | 16243 ||| Stepping ~*~*~tactically~*~*~ (stealth).
 16246 | Lair:4   | 16246 ||| Stepping ~*~*~tactically~*~*~ (stealth).
 16349 | Lair:4   | 16349 ||| Stepping ~*~*~tactically~*~*~ (stealth).
 16350 | Lair:4   | 16350 ||| Stepping ~*~*~tactically~*~*~ (stealth).
 16352 | Lair:4   | 16352 ||| Stepping ~*~*~tactically~*~*~ (stealth).
 16356 | Lair:4   | 16356 ||| INVOKING Heroism.
 16366 | Lair:4   | Identified the +4 quarterstaff "Pogad" {heavy, rPois rF-
                  | Str+3 Int+6} (Okawaru gifted it to you on level 4 of the
                  | Lair of Beasts)
 16366 | Lair:4   | Received a gift from Okawaru
 16425 | Lair:4   | 16425 ||| INVOKING Heroism.
 16437 | Lair:4   | Gained mutation: Your large and strong wings let you fly.
                  | [Gargoyle growth]
 16437 | Lair:4   | Reached XP level 14. HP: 90/90 MP: 19/21
 16494 | Lair:4   | 16494 ||| READING scroll of enchant weapon.
 16494 | Lair:4   | 16494 ||| ENCHANTING +4 war axe of freezing.
 16689 | Lair:4   | 16689 ||| Stepping ~*~*~tactically~*~*~ (stealth).
 17151 | Lair:4   | 17151 ||| READING scroll labelled JUSHRY OFRE.
 17152 | Lair:4   | 17152 ||| DROPPING +1 hand axe of flaming.
 17153 | Lair:4   | 17153 ||| DRINKING 2 glowing grey potions.
 17173 | Lair:5   | Entered Level 5 of the Lair of Beasts
 17180 | Lair:5   | Reached skill level 15 in Axes
 17181 | Lair:5   | 17181 ||| INVOKING Heroism.
 17263 | Lair:5   | 17263 ||| Stepping ~*~*~tactically~*~*~ (stealth).
 17271 | Lair:5   | 17271 ||| Stepping ~*~*~tactically~*~*~ (stealth).
 17276 | Lair:5   | 17276 ||| Stepping ~*~*~tactically~*~*~ (stealth).
 17397 | Lair:5   | 17397 ||| FLEEEEING.
 17398 | Lair:5   | 17398 ||| FLEEEEING.
 17400 | Lair:5   | 17400 ||| FLEEEEING.
 17401 | Lair:5   | 17401 ||| FLEEEEING.
 17402 | Lair:5   | 17402 ||| FLEEEEING.
 17403 | Lair:5   | 17403 ||| FLEEEEING.
 17404 | Lair:5   | 17404 ||| FLEEEEING.
 17405 | Lair:5   | 17405 ||| FLEEEEING.
 17482 | Lair:5   | Found a staircase to the Slime Pits.
 17482 | Lair:5   | Found a viscous altar of Jiyva.
 17501 | Lair:5   | 17501 ||| INVOKING Heroism.
 17564 | Lair:5   | Received a gift from Okawaru
 17574 | Lair:5   | Reached skill level 12 in Fighting
 17846 | Lair:5   | 17846 ||| Stepping ~*~*~tactically~*~*~ (stealth).
 17862 | Lair:5   | 17862 ||| Stepping ~*~*~tactically~*~*~ (stealth).
 17922 | Lair:5   | Noticed Urug
 17923 | Lair:5   | 17923 ||| INVOKING Heroism.
 17924 | Lair:5   | 17924 ||| Stepping ~*~*~tactically~*~*~ (hiding).
 17925 | Lair:5   | 17925 ||| Stepping ~*~*~tactically~*~*~ (hiding).
 17930 | Lair:5   | 17930 ||| Stepping ~*~*~tactically~*~*~ (hiding).
 17931 | Lair:5   | 17931 ||| INVOKING Finesse.
 17942 | Lair:5   | Killed Urug
 18106 | Lair:5   | 18106 ||| INVOKING Heroism.
 18241 | Lair:5   | Found a runed translucent door.
 18244 | Lair:5   | Noticed a reaper
 18275 | Lair:5   | Identified the -2 pair of gloves of the Skies Above {rElec
                  | Str+3 Int+4} (Okawaru gifted it to you on level 5 of the
                  | Lair of Beasts)
 18275 | Lair:5   | Received a gift from Okawaru
 18374 | Lair:5   | 18374 ||| Stepping ~*~*~tactically~*~*~ (stealth).
 18379 | Lair:5   | 18379 ||| INVOKING Heroism.
 18412 | Lair:5   | 18412 ||| INVOKING Finesse.
 18423 | Lair:5   | 18423 ||| Stepping ~*~*~tactically~*~*~ (stealth).
 18453 | Lair:5   | 18453 ||| Stepping ~*~*~tactically~*~*~ (stealth).
 18455 | Lair:5   | 18455 ||| INVOKING Heroism.
 18456 | Lair:5   | 18456 ||| INVOKING Finesse.
 18457 | Lair:5   | 18457 ||| Stepping ~*~*~tactically~*~*~ (stealth).
 18458 | Lair:5   | 18458 ||| Stepping ~*~*~tactically~*~*~ (stealth).
 18518 | Lair:5   | 18518 ||| Stepping ~*~*~tactically~*~*~ (stealth).
 18518 | Lair:5   | Noticed a dire elephant
 18519 | Lair:5   | 18519 ||| INVOKING Heroism.
 18523 | Lair:5   | 18523 ||| INVOKING Finesse.
 18532 | Lair:5   | Killed a dire elephant
 18548 | Lair:5   | 18548 ||| Stepping ~*~*~tactically~*~*~ (stealth).
 18549 | Lair:5   | 18549 ||| Stepping ~*~*~tactically~*~*~ (stealth).
 18625 | Lair:5   | Identified the +6 battleaxe "Cezxo" {freeze, rC+ Str+3}
 18628 | Lair:5   | Identified the +1 leather armour "Ampyrr" {*Slow Regen+
                  | Int+6}
 18713 | Lair:5   | 18713 ||| UPGRADING to -2 pair of gloves of the Skies Above
                  | {rElec Str+3 Int+4}.
 18723 | Lair:5   | 18723 ||| PLANNING D
 18723 | Lair:5   | 18723 ||| DROPPING +0 pair of gloves.
 18724 | Lair:5   | 18724 ||| READING scroll labelled NIDEUJ NYOMI.
 18725 | Lair:5   | 18725 ||| READING 2 scrolls of identify.
 18725 | Lair:5   | 18725 ||| IDENTIFYING fuming puce potion
 18726 | Lair:5   | 18726 ||| DROPPING potion of ambrosia.
 18902 | D:12     | 18902 ||| PLANNING GAUNTLET
 18990 | D:12     | Found a gate leading to a gauntlet.
 18999 | Gauntlet | Entered a Gauntlet
 18999 | Gauntlet | Found a transporter.
 18999 | Gauntlet | Found a transporter.
 19005 | Gauntlet | Found a transporter.
 19022 | Gauntlet | Found a transporter.
 19036 | Gauntlet | Found a transporter.
 19036 | Gauntlet | Found a transporter.
 19036 | Gauntlet | Found a transporter.
 19039 | Gauntlet | Found a transporter.
 19039 | Gauntlet | Found a transporter.
 19054 | Gauntlet | Found a transporter.
 19069 | Gauntlet | Found a runed translucent door.
 19070 | Gauntlet | Found a transporter.
 19072 | Gauntlet | Found a runed translucent door.
 19077 | Gauntlet | Found a runed translucent door.
 19081 | Gauntlet | Found a transporter.
 19095 | Gauntlet | Found a transporter.
 19115 | Gauntlet | Found a transporter.
 19152 | Gauntlet | 19152 ||| INVOKING Heroism.
 19200 | Gauntlet | 19200 ||| INVOKING Heroism.
 19313 | Gauntlet | Identified the ring of Xouwuletu {rElec rF+ Str+2 Int+2}
 19315 | Gauntlet | 19315 ||| UPGRADING to ring of Xouwuletu {rElec rF+ Str+2
                  | Int+2}.
 19317 | Gauntlet | 19317 ||| UPGRADING to +6 ring of dexterity.
 19328 | Gauntlet | 19328 ||| INVOKING Heroism.
 19340 | Gauntlet | Reached XP level 15. HP: 96/96 MP: 20/22
 19358 | Gauntlet | 19358 ||| UPGRADING to +2 pair of gloves of stealth.
 19368 | Gauntlet | 19368 ||| DROPPING -2 pair of gloves of the Skies Above
                  | {rElec Str+3 Int+4}.
 19375 | Gauntlet | 19375 ||| Stepping ~*~*~tactically~*~*~ (hiding).
 19378 | Gauntlet | 19378 ||| Stepping ~*~*~tactically~*~*~ (hiding).
 19381 | Gauntlet | 19381 ||| INVOKING Heroism.
 19441 | Gauntlet | 19441 ||| READING 2 scrolls of enchant weapon.
 19441 | Gauntlet | 19441 ||| ENCHANTING +5 war axe of flaming.
 19442 | Gauntlet | 19442 ||| READING scroll of enchant weapon.
 19442 | Gauntlet | 19442 ||| ENCHANTING +6 war axe of flaming.
 19469 | Gauntlet | 19469 ||| READING scroll labelled AXIZODE JOONKU.
 19469 | Gauntlet | Identified a scroll of acquirement
 19469 | Gauntlet | 19469 ||| ACQUIRING +6 broad axe "Qeylle" {speed, Contam
                  | rElec Str+5 Int+8}
 19469 | Gauntlet | Acquired the +6 broad axe "Qeylle" {speed, Contam rElec
                  | Str+5 Int+8}
 19471 | Gauntlet | 19471 ||| SWAPPING to +6 broad axe "Qeylle" {speed, Contam
                  | rElec Str+5 Int+8}.
 19485 | D:12     | 19485 ||| PLANNING D
 19504 | D:12     | 19504 ||| Stepping ~*~*~tactically~*~*~ (hiding).
 19505 | D:12     | 19505 ||| Stepping ~*~*~tactically~*~*~ (hiding).
 19506 | D:12     | 19506 ||| Stepping ~*~*~tactically~*~*~ (hiding).
 19701 | D:12     | 19701 ||| Stepping ~*~*~tactically~*~*~ (stealth).
 19862 | D:12     | Found a huge runed translucent gate.
 19863 | D:12     | Found a huge runed translucent gate.
 19864 | D:12     | Found a huge runed translucent gate.
 19865 | D:12     | Found a huge runed translucent gate.
 19908 | D:12     | 19908 ||| INVOKING Heroism.
 19910 | D:12     | 19910 ||| Stepping ~*~*~tactically~*~*~ (stealth).
 20100 | D:12     | Found a portal to a secret trove of treasure.
 20360 | D:13     | 20360 ||| Stepping ~*~*~tactically~*~*~ (hiding).
 20528 | D:13     | 20528 ||| Stepping ~*~*~tactically~*~*~ (hiding).
 20530 | D:13     | 20530 ||| Stepping ~*~*~tactically~*~*~ (hiding).
 20544 | D:13     | 20544 ||| FLEEEEING.
 20545 | D:13     | 20545 ||| FLEEEEING.
 20546 | D:13     | 20546 ||| FLEEEEING.
 20547 | D:13     | 20547 ||| Stepping ~*~*~tactically~*~*~ (hiding).
 20549 | D:13     | 20549 ||| FLEEEEING.
 20550 | D:13     | 20550 ||| FLEEEEING.
 20551 | D:13     | 20551 ||| Stepping ~*~*~tactically~*~*~ (hiding).
 20664 | D:13     | 20664 ||| INVOKING Heroism.
 20665 | D:13     | 20665 ||| INVOKING Finesse.
 20668 | D:13     | Received a gift from Okawaru
 20764 | D:13     | 20764 ||| Stepping ~*~*~tactically~*~*~ (hiding).
 20766 | D:13     | 20766 ||| Stepping ~*~*~tactically~*~*~ (hiding).
 20767 | D:13     | 20767 ||| Stepping ~*~*~tactically~*~*~ (hiding).
 20768 | D:13     | 20768 ||| Stepping ~*~*~tactically~*~*~ (hiding).
 20984 | D:13     | 20984 ||| Stepping ~*~*~tactically~*~*~ (hiding).
 20985 | D:13     | 20985 ||| Stepping ~*~*~tactically~*~*~ (hiding).
 21209 | D:13     | 21209 ||| Stepping ~*~*~tactically~*~*~ (hiding).
 21210 | D:13     | 21210 ||| Stepping ~*~*~tactically~*~*~ (hiding).
 21211 | D:13     | 21211 ||| Stepping ~*~*~tactically~*~*~ (hiding).
 21213 | D:13     | 21213 ||| Stepping ~*~*~tactically~*~*~ (hiding).
 21504 | D:13     | Found a shadowy altar of Dithmenos.
 21507 | D:13     | 21507 ||| INVOKING Heroism.
 21509 | D:13     | 21509 ||| SWAPPING to +7 war axe of flaming.
 21512 | D:13     | 21512 ||| SWAPPING to +6 broad axe "Qeylle" {speed, Contam
                  | rElec Str+5 Int+8}.
 21515 | D:13     | Gained mutation: Your magical capacity is low. (-10% MP)
                  | [mutagenic glow]
 21563 | D:14     | Noticed Frances
 21564 | D:14     | 21564 ||| INVOKING Heroism.
 21576 | D:14     | Killed Frances
 21576 | D:14     | Received a gift from Okawaru
 21585 | D:14     | Reached skill level 13 in Fighting
 21803 | D:14     | 21803 ||| INVOKING Heroism.
 21811 | D:14     | Received a gift from Okawaru
 21827 | D:14     | Reached skill level 6 in Dodging
 21926 | D:14     | Found a gate to the Vaults.
 21976 | D:14     | 21976 ||| Stepping ~*~*~tactically~*~*~ (stealth).
 22096 | D:14     | 22096 ||| Stepping ~*~*~tactically~*~*~ (stealth).
 22100 | D:14     | 22100 ||| Stepping ~*~*~tactically~*~*~ (stealth).
 22103 | D:14     | 22103 ||| Stepping ~*~*~tactically~*~*~ (stealth).
 22110 | D:14     | Received a gift from Okawaru
 22120 | D:14     | 22120 ||| INVOKING Heroism.
 22635 | D:14     | 22635 ||| Stepping ~*~*~tactically~*~*~ (stealth).
 22725 | D:14     | 22725 ||| READING scroll labelled SOGACO YCEKH.
 22794 | D:15     | Entered Level 15 of the Dungeon
 22877 | D:15     | Noticed Nessos
 22878 | D:15     | 22878 ||| INVOKING Finesse.
 22893 | D:15     | Killed Nessos
 22998 | D:15     | Noticed Azrael
 22999 | D:15     | 22999 ||| Stepping ~*~*~tactically~*~*~ (hiding).
 23004 | D:15     | 23004 ||| INVOKING Heroism.
 23005 | D:15     | 23005 ||| INVOKING Finesse.
 23013 | D:15     | Killed Azrael
 23014 | D:15     | Reached skill level 6 in Throwing
 23084 | D:15     | Noticed Agnes
 23085 | D:15     | 23085 ||| INVOKING Heroism.
 23094 | D:15     | Killed Agnes
 23094 | D:15     | Received a gift from Okawaru
 23148 | D:15     | 23148 ||| INVOKING Heroism.
 23149 | D:15     | 23149 ||| SWAPPING to +7 war axe of flaming.
 23153 | D:15     | 23153 ||| SWAPPING to +6 broad axe "Qeylle" {speed, Contam
                  | rElec Str+5 Int+8}.
 23156 | D:15     | Gained mutation: Your flesh is heat resistant. (rF+)
                  | [mutagenic glow]
 23276 | D:15     | 23276 ||| FLEEEEING.
 23277 | D:15     | 23277 ||| FLEEEEING.
 23278 | D:15     | 23278 ||| FLEEEEING.
 23279 | D:15     | 23279 ||| FLEEEEING.
 23489 | D:15     | 23489 ||| INVOKING Heroism.
 23500 | D:15     | Reached XP level 16. HP: 104/104 MP: 19/21
 23560 | D:15     | 23560 ||| Stepping ~*~*~tactically~*~*~ (hiding).
 23585 | D:15     | 23585 ||| Stepping ~*~*~tactically~*~*~ (stealth).
 23588 | D:15     | 23588 ||| Stepping ~*~*~tactically~*~*~ (stealth).
 23590 | D:15     | 23590 ||| INVOKING Heroism.
 23595 | D:15     | Received a gift from Okawaru
 23602 | D:15     | 23602 ||| READING 8 scrolls of teleportation.
 23731 | D:15     | 23731 ||| Stepping ~*~*~tactically~*~*~ (stealth).
 23777 | D:15     | Noticed Rupert
 23778 | D:15     | 23778 ||| INVOKING Heroism.
 23779 | D:15     | 23779 ||| INVOKING Finesse.
 23785 | D:15     | Killed Rupert
 23788 | D:15     | 23788 ||| Stepping ~*~*~tactically~*~*~ (stealth).
 23845 | D:15     | 23845 ||| INVOKING Heroism.
 23849 | D:15     | 23849 ||| SWAPPING to +7 war axe of flaming.
 23851 | D:15     | 23851 ||| SWAPPING to +6 broad axe "Qeylle" {speed, Contam
                  | rElec Str+5 Int+8}.
 23912 | D:15     | 23912 ||| INVOKING Heroism.
 23918 | D:15     | Paralysed by an orc sorcerer for 2 turns
 24043 | D:15     | Reached skill level 18 in Axes
 24057 | D:15     | Found a staircase to the Depths.
 24059 | D:15     | 24059 ||| PLANNING ORC
 24059 | D:15     | 24059 ||| UPGRADING to +0 kite shield of positive energy.
 24069 | D:15     | 24069 ||| DROPPING +0 buckler.
 24070 | D:15     | 24070 ||| UPGRADING to ring of willpower.
 24088 | D:15     | 24088 ||| Stepping ~*~*~tactically~*~*~ (hiding).
 24299 | D:11     | 24299 ||| Stepping ~*~*~tactically~*~*~ (hiding).
 24347 | Orc:1    | Entered Level 1 of the Orcish Mines
 24351 | Orc:1    | Reached skill level 9 in Shields
 24487 | Orc:1    | 24487 ||| Stepping ~*~*~tactically~*~*~ (stealth).
 24489 | Orc:1    | 24489 ||| Stepping ~*~*~tactically~*~*~ (stealth).
 24497 | Orc:1    | 24497 ||| Stepping ~*~*~tactically~*~*~ (stealth).
 24656 | Orc:2    | Entered Level 2 of the Orcish Mines
 24783 | Orc:1    | 24783 ||| Stepping randomly (stuck).
 24923 | Orc:2    | 24923 ||| Stepping ~*~*~tactically~*~*~ (stealth).
 24924 | Orc:2    | 24924 ||| Stepping ~*~*~tactically~*~*~ (hiding).
 24925 | Orc:2    | 24925 ||| Stepping ~*~*~tactically~*~*~ (hiding).
 24926 | Orc:2    | 24926 ||| Stepping ~*~*~tactically~*~*~ (hiding).
 24927 | Orc:2    | 24927 ||| Stepping ~*~*~tactically~*~*~ (hiding).
 24930 | Orc:2    | 24930 ||| Stepping ~*~*~tactically~*~*~ (hiding).
 24986 | Orc:2    | 24986 ||| INVOKING Heroism.
 25012 | Orc:2    | 25012 ||| INVOKING Heroism.
 25022 | Orc:2    | Received a gift from Okawaru
 25076 | Orc:2    | 25076 ||| INVOKING Heroism.
 25143 | Orc:2    | 25143 ||| INVOKING Heroism.
 25175 | Orc:2    | 25175 ||| Stepping ~*~*~tactically~*~*~ (stealth).
 25184 | Orc:2    | 25184 ||| Stepping ~*~*~tactically~*~*~ (stealth).
 25299 | Orc:2    | 25299 ||| Stepping ~*~*~tactically~*~*~ (stealth).
 25301 | Orc:2    | 25301 ||| Stepping ~*~*~tactically~*~*~ (hiding).
 25311 | Orc:2    | 25311 ||| Stepping ~*~*~tactically~*~*~ (stealth).
 25425 | Orc:2    | Found a staircase to the Elven Halls.
 25472 | Orc:2    | 25472 ||| INVOKING Heroism.
 25723 | Orc:2    | 25723 ||| INVOKING Heroism.
 25791 | Orc:1    | Found Qiz Izel's Distillery.
 25857 | Orc:1    | 25857 ||| BUYING 2 potions of mutation (256 gold).
 25857 | Orc:1    | Bought 2 potions of mutation for 256 gold pieces
 25857 | Orc:1    | 25857 ||| BUYING potion of attraction (48 gold).
 25857 | Orc:1    | Bought a potion of attraction for 48 gold pieces
 25857 | Orc:1    | 25857 ||| BUYING potion of curing (48 gold).
 25857 | Orc:1    | Bought a potion of curing for 48 gold pieces
 25857 | Orc:1    | 25857 ||| BUYING potion of enlightenment (80 gold).
 25857 | Orc:1    | Bought a potion of enlightenment for 80 gold pieces
 25857 | Orc:1    | 25857 ||| BUYING potion of haste (160 gold).
 25857 | Orc:1    | Bought a potion of haste for 160 gold pieces
 25857 | Orc:1    | 25857 ||| BUYING potion of haste (160 gold).
 25857 | Orc:1    | Bought a potion of haste for 160 gold pieces
 25857 | Orc:1    | 25857 ||| BUYING potion of haste (160 gold).
 25857 | Orc:1    | Bought a potion of haste for 160 gold pieces
 25857 | Orc:1    | 25857 ||| BUYING potion of mutation (128 gold).
 25857 | Orc:1    | Bought a potion of mutation for 128 gold pieces
 26079 | Orc:2    | 26079 ||| FLEEEEING.
 26080 | Orc:2    | 26080 ||| FLEEEEING.
 26081 | Orc:2    | 26081 ||| FLEEEEING.
 26082 | Orc:2    | 26082 ||| FLEEEEING.
 26083 | Orc:2    | 26083 ||| FLEEEEING.
 26084 | Orc:2    | 26084 ||| FLEEEEING.
 26085 | Orc:2    | 26085 ||| FLEEEEING.
 26086 | Orc:2    | 26086 ||| FLEEEEING.
 26087 | Orc:2    | 26087 ||| FLEEEEING.
 26088 | Orc:2    | 26088 ||| FLEEEEING.
 26089 | Orc:2    | 26089 ||| FLEEEEING.
 26090 | Orc:2    | 26090 ||| FLEEEEING.
 26091 | Orc:2    | 26091 ||| FLEEEEING.
 26092 | Orc:2    | 26092 ||| STAIRDANCE
 26147 | Orc:2    | 26147 ||| INVOKING Heroism.
 26204 | Orc:2    | 26204 ||| INVOKING Heroism.
 26258 | Orc:2    | Found Miovogye's Distillery.
 26259 | Orc:2    | 26259 ||| INVOKING Heroism.
 26307 | Orc:2    | 26307 ||| BUYING 2 potions of curing (72 gold).
 26307 | Orc:2    | Bought 2 potions of curing for 72 gold pieces
 26307 | Orc:2    | 26307 ||| BUYING potion of attraction (36 gold).
 26307 | Orc:2    | Bought a potion of attraction for 36 gold pieces
 26307 | Orc:2    | 26307 ||| BUYING potion of heal wounds (60 gold).
 26307 | Orc:2    | Bought a potion of heal wounds for 60 gold pieces
 26307 | Orc:2    | 26307 ||| BUYING potion of heal wounds (60 gold).
 26307 | Orc:2    | Bought a potion of heal wounds for 60 gold pieces
 26307 | Orc:2    | 26307 ||| BUYING potion of heal wounds (60 gold).
 26307 | Orc:2    | Bought a potion of heal wounds for 60 gold pieces
 26307 | Orc:2    | 26307 ||| BUYING potion of might (48 gold).
 26307 | Orc:2    | Bought a potion of might for 48 gold pieces
 26307 | Orc:2    | 26307 ||| BUYING potion of resistance (120 gold).
 26307 | Orc:2    | Bought a potion of resistance for 120 gold pieces
 26314 | Orc:2    | Found Latim's General Store.
 26315 | Orc:2    | 26315 ||| INVOKING Heroism.
 26338 | Orc:2    | 26338 ||| BUYING scroll of brand weapon (152 gold).
 26338 | Orc:2    | Bought a scroll of brand weapon for 152 gold pieces
 26338 | Orc:2    | 26338 ||| BUYING scroll of enchant weapon (120 gold).
 26338 | Orc:2    | Bought a scroll of enchant weapon for 120 gold pieces
 26402 | Orc:2    | 26402 ||| Stepping ~*~*~tactically~*~*~ (hiding).
 26405 | Orc:2    | 26405 ||| Stepping ~*~*~tactically~*~*~ (hiding).
 26443 | Orc:2    | 26443 ||| Stepping ~*~*~tactically~*~*~ (hiding).
 26444 | Orc:2    | 26444 ||| Stepping ~*~*~tactically~*~*~ (hiding).
 26460 | Orc:2    | 26460 ||| Stepping ~*~*~tactically~*~*~ (hiding).
 26461 | Orc:2    | 26461 ||| Stepping ~*~*~tactically~*~*~ (hiding).
 26468 | Orc:2    | 26468 ||| INVOKING Heroism.
 26491 | Orc:2    | Reached skill level 12 in Shields
 26499 | Orc:2    | 26499 ||| INVOKING Heroism.
 26510 | Orc:2    | Received a gift from Okawaru
 26630 | Orc:2    | 26630 ||| Stepping ~*~*~tactically~*~*~ (hiding).
 26631 | Orc:2    | 26631 ||| Stepping ~*~*~tactically~*~*~ (hiding).
 26632 | Orc:2    | 26632 ||| Stepping ~*~*~tactically~*~*~ (hiding).
 26745 | Orc:2    | Found Dizab's Weapon Shop.
 26747 | Orc:2    | 26747 ||| INVOKING Heroism.
 26907 | Orc:2    | 26907 ||| INVOKING Heroism.
 26930 | Orc:2    | Found Dut Nelu's Antique Weapon Emporium.
 27091 | Orc:2    | 27091 ||| INVOKING Heroism.
 27138 | Orc:2    | 27138 ||| PLANNING SHOALS:1-3
 27326 | Shoals:1 | Entered Level 1 of the Shoals
 27437 | Shoals:1 | 27437 ||| Stepping ~*~*~tactically~*~*~ (hiding).
 27438 | Shoals:1 | 27438 ||| Stepping ~*~*~tactically~*~*~ (hiding).
 27524 | Shoals:1 | 27524 ||| INVOKING Heroism.
 27651 | Shoals:1 | 27651 ||| INVOKING Heroism.
 27734 | Shoals:1 | 27734 ||| Stepping ~*~*~tactically~*~*~ (hiding).
 28343 | Shoals:1 | 28343 ||| UPGRADING to +4 ring of slaying {mikee}.
 28345 | Shoals:1 | 28345 ||| UPGRADING to ring of Xouwuletu {rElec rF+ Str+2
                  | Int+2}.
 28409 | Shoals:2 | 28409 ||| INVOKING Heroism.
 28431 | Shoals:2 | 28431 ||| Stepping ~*~*~tactically~*~*~ (hiding).
 28436 | Shoals:2 | 28436 ||| Stepping ~*~*~tactically~*~*~ (stealth).
 28438 | Shoals:2 | 28438 ||| Stepping ~*~*~tactically~*~*~ (hiding).
 28439 | Shoals:2 | 28439 ||| Stepping ~*~*~tactically~*~*~ (stealth).
 28448 | Shoals:2 | Reached XP level 17. HP: 108/108 MP: 22/22
 28459 | Shoals:2 | Found a transporter.
 28463 | Shoals:2 | Noticed qw's ghost (adept GrFi)
 28464 | Shoals:2 | Found a transporter.
 28625 | Shoals:2 | 28625 ||| INVOKING Heroism.
 28697 | Shoals:2 | 28697 ||| Stepping ~*~*~tactically~*~*~ (hiding).
 28699 | Shoals:2 | 28699 ||| Stepping ~*~*~tactically~*~*~ (hiding).
 28700 | Shoals:2 | 28700 ||| Stepping ~*~*~tactically~*~*~ (hiding).
 28701 | Shoals:2 | 28701 ||| Stepping ~*~*~tactically~*~*~ (hiding).
 28702 | Shoals:2 | 28702 ||| Stepping ~*~*~tactically~*~*~ (hiding).
 28703 | Shoals:2 | 28703 ||| Stepping ~*~*~tactically~*~*~ (hiding).
 28704 | Shoals:2 | 28704 ||| INVOKING Heroism.
 29060 | Shoals:2 | Noticed a kraken
 29069 | Shoals:2 | Killed a kraken
 29106 | Shoals:2 | 29106 ||| DROPPING +6 ring of dexterity.
 29107 | Shoals:2 | 29107 ||| UPGRADING to +4 ring of protection.
 29109 | Shoals:2 | 29109 ||| DROPPING ring of willpower.
 29116 | Shoals:3 | 29116 ||| INVOKING Heroism.
 29124 | Shoals:3 | Received a gift from Okawaru
 29140 | Shoals:3 | 29140 ||| INVOKING Finesse.
 29151 | Shoals:3 | HP: 22/109 [manticore/volley of spikes (8)]
 29152 | Shoals:3 | 29152 ||| READING 8 scrolls of teleportation.
 29153 | Shoals:3 | 29153 ||| DRINKING 6 potions of heal wounds.
 29170 | Shoals:3 | HP: 19/110 [alligator snapping turtle (9)]
 29171 | Shoals:3 | 29171 ||| READING 7 scrolls of teleportation.
 29172 | Shoals:3 | 29172 ||| DRINKING 5 potions of heal wounds.
 29173 | Shoals:3 | 29173 ||| DRINKING 4 potions of heal wounds.
 29175 | Shoals:3 | HP: 24/110 [merfolk siren/+0 trident (10)]
 29176 | Shoals:3 | 29176 ||| DRINKING 3 potions of heal wounds.
 29176 | Shoals:3 | HP: 9/110 [merfolk/+0 glaive[a merfolk impaler] (12)]
 29177 | Shoals:3 | 29177 ||| DRINKING 2 potions of heal wounds.
 29177 | Shoals:3 | Noticed Nikola
 29184 | Shoals:3 | HP: 25/110 [merfolk javelineer/javelin (5)]
 29185 | Shoals:3 | 29185 ||| READING 6 scrolls of teleportation.
 29186 | Shoals:3 | 29186 ||| DRINKING potion of heal wounds.
 29187 | Shoals:3 | Killed Nikola
 29189 | Shoals:3 | 29189 ||| FLEEEEING.
 29193 | Shoals:3 | 29193 ||| Stepping ~*~*~tactically~*~*~ (hiding).
 29194 | Shoals:3 | 29194 ||| Stepping ~*~*~tactically~*~*~ (hiding).
 29203 | Shoals:3 | Reached skill level 14 in Fighting
 29224 | Shoals:3 | HP: 27/111 [merfolk/+0 spear[a merfolk impaler] (8)]
 29225 | Shoals:3 | 29225 ||| READING 5 scrolls of teleportation.
 29226 | Shoals:3 | 29226 ||| INVOKING Heroism.
 29430 | Shoals:3 | 29430 ||| INVOKING Heroism.
 29517 | Shoals:3 | 29517 ||| INVOKING Heroism.
 29644 | Shoals:3 | 29644 ||| INVOKING Heroism.
 29679 | Shoals:3 | 29679 ||| INVOKING Finesse.
 29929 | Shoals:3 | Noticed a kraken
 29938 | Shoals:3 | Killed a kraken
 30015 | Shoals:3 | 30015 ||| INVOKING Heroism.
 30030 | Shoals:3 | 30030 ||| Stepping ~*~*~tactically~*~*~ (stealth).
 30033 | Shoals:3 | 30033 ||| Stepping ~*~*~tactically~*~*~ (hiding).
 30036 | Shoals:3 | 30036 ||| Stepping ~*~*~tactically~*~*~ (hiding).
 30071 | Shoals:3 | 30071 ||| Stepping ~*~*~tactically~*~*~ (stealth).
 30072 | Shoals:3 | 30072 ||| Stepping ~*~*~tactically~*~*~ (stealth).
 30112 | Shoals:3 | 30112 ||| INVOKING Heroism.
 30144 | Shoals:3 | 30144 ||| Stepping ~*~*~tactically~*~*~ (stealth).
 30239 | Shoals:3 | 30239 ||| INVOKING Heroism.
 30317 | Shoals:3 | 30317 ||| INVOKING Heroism.
 30491 | Shoals:3 | 30491 ||| INVOKING Heroism.
 30697 | Shoals:3 | 30697 ||| INVOKING Heroism.
 30873 | Shoals:3 | 30873 ||| PLANNING SPIDER:1-3
 30890 | Shoals:2 | Found a bloodstained altar of Trog.
 30970 | Spider:1 | Entered Level 1 of the Spider Nest
 30977 | Spider:1 | 30977 ||| Stepping ~*~*~tactically~*~*~ (stealth).
 31097 | Spider:1 | 31097 ||| Stepping ~*~*~tactically~*~*~ (stealth).
 31098 | Spider:1 | 31098 ||| Stepping ~*~*~tactically~*~*~ (stealth).
 31102 | Spider:1 | 31102 ||| Stepping ~*~*~tactically~*~*~ (hiding).
 31103 | Spider:1 | 31103 ||| Stepping ~*~*~tactically~*~*~ (hiding).
 31221 | Spider:1 | 31221 ||| Stepping ~*~*~tactically~*~*~ (stealth).
 31234 | Spider:1 | Reached skill level 12 in Armour
 31325 | Spider:1 | 31325 ||| Stepping ~*~*~tactically~*~*~ (stealth).
 31326 | Spider:1 | 31326 ||| Stepping ~*~*~tactically~*~*~ (stealth).
 31327 | Spider:1 | 31327 ||| Stepping ~*~*~tactically~*~*~ (stealth).
 31335 | Spider:1 | 31335 ||| INVOKING Heroism.
 31393 | Spider:1 | Received a gift from Okawaru
 31447 | Spider:1 | 31447 ||| INVOKING Heroism.
 31512 | Spider:1 | 31512 ||| Stepping ~*~*~tactically~*~*~ (stealth).
 31731 | Spider:1 | 31731 ||| INVOKING Finesse.
 32045 | Spider:2 | 32045 ||| INVOKING Finesse.
 32086 | Spider:2 | 32086 ||| FLEEEEING.
 32087 | Spider:2 | 32087 ||| FLEEEEING.
 32088 | Spider:2 | 32088 ||| FLEEEEING.
 32089 | Spider:2 | 32089 ||| STAIRDANCE
 32118 | Spider:2 | 32118 ||| STAIRDANCE
 32155 | Spider:2 | 32155 ||| Stepping ~*~*~tactically~*~*~ (stealth).
 32157 | Spider:2 | Noticed Louise
 32159 | Spider:2 | 32159 ||| INVOKING Finesse.
 32161 | Spider:2 | 32161 ||| INVOKING Heroism.
 32161 | Spider:2 | Noticed Asterion
 32177 | Spider:2 | Killed Louise
 32178 | Spider:2 | Reached skill level 15 in Fighting
 32181 | Spider:2 | Received a gift from Okawaru
 32202 | Spider:2 | Killed Asterion
 32331 | Spider:2 | Identified the +7 whip of Tiadwiq {freeze, Dex+2}
 32373 | Spider:2 | Identified the +5 rapier of Light {protect, rElec rCorr}
 32454 | Spider:2 | 32454 ||| Stepping ~*~*~tactically~*~*~ (stealth).
 32497 | Spider:2 | Reached XP level 18. HP: 119/119 MP: 22/22
 32498 | Spider:2 | 32498 ||| DROPPING +7 war axe of flaming.
 32589 | Spider:2 | 32589 ||| UPGRADING to +0 tower shield.
 32599 | Spider:2 | 32599 ||| DROPPING +0 kite shield of positive energy.
 32616 | Spider:3 | 32616 ||| Stepping ~*~*~tactically~*~*~ (hiding).
 32623 | Spider:3 | 32623 ||| Stepping ~*~*~tactically~*~*~ (hiding).
 32624 | Spider:3 | 32624 ||| Stepping ~*~*~tactically~*~*~ (hiding).
 32626 | Spider:3 | 32626 ||| Stepping ~*~*~tactically~*~*~ (hiding).
 32629 | Spider:3 | 32629 ||| Stepping ~*~*~tactically~*~*~ (hiding).
 32631 | Spider:3 | 32631 ||| Stepping ~*~*~tactically~*~*~ (hiding).
 32635 | Spider:3 | 32635 ||| INVOKING Finesse.
 32655 | Spider:3 | 32655 ||| Stepping ~*~*~tactically~*~*~ (hiding).
 32663 | Spider:3 | Received a gift from Okawaru
 32682 | Spider:3 | Reached skill level 15 in Shields
 32735 | Spider:3 | 32735 ||| Stepping ~*~*~tactically~*~*~ (stealth).
 32739 | Spider:3 | 32739 ||| Stepping ~*~*~tactically~*~*~ (hiding).
 32740 | Spider:3 | 32740 ||| Stepping ~*~*~tactically~*~*~ (hiding).
 32745 | Spider:3 | 32745 ||| INVOKING Heroism.
 32770 | Spider:3 | Identified the +1 pair of gloves of the Boiling Point
                  | {rPois Will- Regen+ Dex+4} (Okawaru gifted it to you on
                  | level 3 of the Spider Nest)
 32770 | Spider:3 | Received a gift from Okawaru
 32778 | Spider:3 | HP: 29/119 [something (3)]
 32794 | Spider:3 | 32794 ||| FLEEEEING.
 32802 | Spider:3 | 32802 ||| STAIRDANCE
 33077 | Spider:3 | 33077 ||| Stepping ~*~*~tactically~*~*~ (stealth).
 33083 | Spider:3 | 33083 ||| Stepping ~*~*~tactically~*~*~ (stealth).
 33084 | Spider:3 | 33084 ||| Stepping ~*~*~tactically~*~*~ (stealth).
 33355 | Spider:3 | 33355 ||| Stepping ~*~*~tactically~*~*~ (stealth).
 33365 | Spider:3 | 33365 ||| Stepping ~*~*~tactically~*~*~ (stealth).
 33419 | Spider:3 | 33419 ||| INVOKING Heroism.
 33495 | Spider:3 | 33495 ||| Stepping ~*~*~tactically~*~*~ (stealth).
 33527 | Spider:3 | 33527 ||| INVOKING Finesse.
 33563 | Spider:3 | 33563 ||| Stepping ~*~*~tactically~*~*~ (stealth).
 33590 | Spider:3 | Noticed Aizul
 33591 | Spider:3 | 33591 ||| Stepping ~*~*~tactically~*~*~ (hiding).
 33592 | Spider:3 | 33592 ||| INVOKING Heroism.
 33593 | Spider:3 | 33593 ||| INVOKING Finesse.
 33610 | Spider:3 | Killed Aizul
 33726 | Spider:3 | 33726 ||| Stepping ~*~*~tactically~*~*~ (stealth).
 33729 | Spider:3 | 33729 ||| Stepping ~*~*~tactically~*~*~ (stealth).
 33731 | Spider:3 | 33731 ||| Stepping ~*~*~tactically~*~*~ (stealth).
 33732 | Spider:3 | 33732 ||| Stepping ~*~*~tactically~*~*~ (stealth).
 33823 | Spider:3 | 33823 ||| PLANNING SHOALS:4
 33823 | Spider:3 | 33823 ||| DROPPING +0 chain mail of fire resistance.
 33824 | Spider:3 | 33824 ||| UPGRADING to +1 pair of gloves of the Boiling
                  | Point {rPois Will- Regen+ Dex+4}.
 33834 | Spider:3 | 33834 ||| DROPPING +2 pair of gloves of stealth.
 33835 | Spider:3 | 33835 ||| UPGRADING to +6 ring of strength.
 33837 | Spider:3 | 33837 ||| DROPPING ring of magical power.
 33838 | Spider:3 | 33838 ||| DROPPING +4 ring of slaying {mikee}.
 33958 | Shoals:4 | Entered Level 4 of the Shoals
 33971 | Shoals:4 | 33971 ||| INVOKING Heroism.
 34114 | Shoals:4 | 34114 ||| INVOKING Heroism.
 34257 | Shoals:4 | 34257 ||| Stepping ~*~*~tactically~*~*~ (stealth).
 34259 | Shoals:4 | 34259 ||| Stepping ~*~*~tactically~*~*~ (stealth).
 34260 | Shoals:4 | 34260 ||| INVOKING Heroism.
 34263 | Shoals:4 | 34263 ||| Stepping ~*~*~tactically~*~*~ (hiding).
 34280 | Shoals:4 | Found a transporter.
 34283 | Shoals:4 | Found Elec's Antique Weapon Shop.
 34312 | Shoals:4 | Received a gift from Okawaru
 34390 | Shoals:4 | Got a barnacled rune of Zot
 34402 | Shoals:4 | 34402 ||| Stepping ~*~*~tactically~*~*~ (hiding).
 34439 | Shoals:4 | 34439 ||| INVOKING Heroism.
 34587 | Shoals:4 | 34587 ||| INVOKING Heroism.
 34707 | Shoals:4 | 34707 ||| INVOKING Heroism.
 34765 | Shoals:4 | 34765 ||| INVOKING Heroism.
 34788 | Shoals:4 | Identified the +2 shortbow "Xaukh" {heavy, Fly rC+ Stlth+}
 34819 | Shoals:4 | Received a gift from Okawaru
 34823 | Shoals:4 | Reached skill level 18 in Shields
 34898 | Shoals:4 | Found a transporter.
 34902 | Shoals:4 | 34902 ||| READING scroll of enchant armour.
 34902 | Shoals:4 | 34902 ||| ENCHANTING +1 helmet.
 34917 | Shoals:4 | 34917 ||| INVOKING Heroism.
 35014 | Shoals:4 | 35014 ||| INVOKING Heroism.
 35061 | Shoals:4 | Received a gift from Okawaru
 35163 | Shoals:4 | 35163 ||| PLANNING VAULTS:1-4
 35163 | Shoals:4 | 35163 ||| DROPPING +2 chain mail of fire resistance.
 35164 | Shoals:4 | 35164 ||| DROPPING amulet of regeneration.
 35461 | Vaults:1 | Entered Level 1 of the Vaults
 35466 | Vaults:1 | 35466 ||| Stepping ~*~*~tactically~*~*~ (stealth).
 35467 | Vaults:1 | 35467 ||| Stepping ~*~*~tactically~*~*~ (stealth).
 35468 | Vaults:1 | 35468 ||| Stepping ~*~*~tactically~*~*~ (stealth).
 35482 | Vaults:1 | 35482 ||| Stepping ~*~*~tactically~*~*~ (hiding).
 35488 | Vaults:1 | 35488 ||| INVOKING Heroism.
 35492 | Vaults:1 | Received a gift from Okawaru
 35554 | Vaults:1 | 35554 ||| Stepping ~*~*~tactically~*~*~ (stealth).
 35555 | Vaults:1 | 35555 ||| Stepping ~*~*~tactically~*~*~ (stealth).
 35617 | Vaults:1 | 35617 ||| INVOKING Heroism.
 35625 | Vaults:1 | Reached XP level 19. HP: 111/124 MP: 21/23
 35667 | Vaults:1 | 35667 ||| FLEEEEING.
 35668 | Vaults:1 | 35668 ||| FLEEEEING.
 35673 | Vaults:1 | 35673 ||| FLEEEEING.
 35674 | Vaults:1 | 35674 ||| FLEEEEING.
 35675 | Vaults:1 | 35675 ||| FLEEEEING.
 35676 | Vaults:1 | 35676 ||| FLEEEEING.
 35677 | Vaults:1 | 35677 ||| FLEEEEING.
 35678 | Vaults:1 | 35678 ||| FLEEEEING.
 35679 | Vaults:1 | 35679 ||| FLEEEEING.
 35680 | Vaults:1 | 35680 ||| FLEEEEING.
 35681 | Vaults:1 | 35681 ||| FLEEEEING.
 35682 | Vaults:1 | 35682 ||| FLEEEEING.
 35683 | Vaults:1 | 35683 ||| FLEEEEING.
 35684 | Vaults:1 | 35684 ||| FLEEEEING.
 35685 | Vaults:1 | 35685 ||| FLEEEEING.
 35686 | Vaults:1 | 35686 ||| FLEEEEING.
 35687 | Vaults:1 | 35687 ||| FLEEEEING.
 35688 | Vaults:1 | 35688 ||| FLEEEEING.
 35689 | Vaults:1 | 35689 ||| FLEEEEING.
 35690 | Vaults:1 | 35690 ||| FLEEEEING.
 35691 | Vaults:1 | 35691 ||| FLEEEEING.
 35692 | Vaults:1 | 35692 ||| FLEEEEING.
 35693 | Vaults:1 | 35693 ||| FLEEEEING.
 35714 | Vaults:1 | 35714 ||| FLEEEEING.
 35716 | Vaults:1 | 35716 ||| FLEEEEING.
 35752 | Vaults:1 | 35752 ||| FLEEEEING.
 35758 | Vaults:1 | 35758 ||| FLEEEEING.
 35895 | Vaults:1 | 35895 ||| READING scroll of enchant armour.
 35895 | Vaults:1 | 35895 ||| ENCHANTING +0 pair of boots.
 36079 | Vaults:1 | 36079 ||| FLEEEEING.
 36080 | Vaults:1 | 36080 ||| FLEEEEING.
 36081 | Vaults:1 | 36081 ||| FLEEEEING.
 36082 | Vaults:1 | 36082 ||| FLEEEEING.
 36083 | Vaults:1 | 36083 ||| FLEEEEING.
 36084 | Vaults:1 | 36084 ||| FLEEEEING.
 36089 | Vaults:1 | 36089 ||| FLEEEEING.
 36090 | Vaults:1 | 36090 ||| FLEEEEING.
 36091 | Vaults:1 | 36091 ||| FLEEEEING.
 36092 | Vaults:1 | 36092 ||| FLEEEEING.
 36093 | Vaults:1 | 36093 ||| FLEEEEING.
 36094 | Vaults:1 | 36094 ||| FLEEEEING.
 36095 | Vaults:1 | 36095 ||| FLEEEEING.
 36096 | Vaults:1 | 36096 ||| FLEEEEING.
 36097 | Vaults:1 | 36097 ||| FLEEEEING.
 36098 | Vaults:1 | 36098 ||| FLEEEEING.
 36099 | Vaults:1 | 36099 ||| FLEEEEING.
 36100 | Vaults:1 | 36100 ||| FLEEEEING.
 36101 | Vaults:1 | 36101 ||| FLEEEEING.
 36102 | Vaults:1 | 36102 ||| FLEEEEING.
 36103 | Vaults:1 | 36103 ||| FLEEEEING.
 36104 | Vaults:1 | 36104 ||| FLEEEEING.
 36105 | Vaults:1 | 36105 ||| FLEEEEING.
 36106 | Vaults:1 | 36106 ||| FLEEEEING.
 36107 | Vaults:1 | 36107 ||| FLEEEEING.
 36108 | Vaults:1 | 36108 ||| FLEEEEING.
 36109 | Vaults:1 | 36109 ||| FLEEEEING.
 36110 | Vaults:1 | 36110 ||| FLEEEEING.
 36111 | Vaults:1 | 36111 ||| FLEEEEING.
 36128 | Vaults:1 | Reached skill level 9 in Throwing
 36347 | Vaults:1 | Found Sezazueluih's Antique Armour Boutique.
 36365 | Vaults:1 | 36365 ||| INVOKING Heroism.
 36443 | Vaults:1 | 36443 ||| Stepping ~*~*~tactically~*~*~ (stealth).
 36545 | Vaults:1 | 36545 ||| Stepping ~*~*~tactically~*~*~ (stealth).
 36553 | Vaults:1 | 36553 ||| FLEEEEING.
 36555 | Vaults:1 | 36555 ||| FLEEEEING.
 36556 | Vaults:1 | 36556 ||| FLEEEEING.
 36557 | Vaults:1 | 36557 ||| FLEEEEING.
 36558 | Vaults:1 | 36558 ||| FLEEEEING.
 36582 | Vaults:1 | 36582 ||| INVOKING Heroism.
 36811 | Vaults:1 | 36811 ||| Stepping ~*~*~tactically~*~*~ (hiding).
 37005 | Vaults:1 | Reached skill level 16 in Fighting
 37026 | Vaults:1 | 37026 ||| Stepping ~*~*~tactically~*~*~ (hiding).
 37039 | Vaults:1 | Identified the +10 war axe of Trial by Ordeal {drain,
                  | Fragile rC+ rN+ Int+3} (Okawaru gifted it to you on level 1
                  | of the Vaults)
 37039 | Vaults:1 | Received a gift from Okawaru
 37191 | Vaults:1 | 37191 ||| DROPPING 45 boomerangs.
 37192 | Vaults:1 | 37192 ||| DROPPING 4 silver boomerangs.
 37193 | Vaults:1 | 37193 ||| DROPPING 5 boomerangs of dispersal.
 37228 | Vaults:2 | 37228 ||| Stepping ~*~*~tactically~*~*~ (hiding).
 37236 | Vaults:2 | 37236 ||| Stepping ~*~*~tactically~*~*~ (stealth).
 37258 | Vaults:2 | 37258 ||| Stepping ~*~*~tactically~*~*~ (stealth).
 37350 | Vaults:2 | 37350 ||| Stepping ~*~*~tactically~*~*~ (stealth).
 37351 | Vaults:2 | 37351 ||| Stepping ~*~*~tactically~*~*~ (stealth).
 37353 | Vaults:2 | 37353 ||| Stepping ~*~*~tactically~*~*~ (stealth).
 37409 | Vaults:2 | 37409 ||| FLEEEEING.
 37410 | Vaults:2 | 37410 ||| FLEEEEING.
 37411 | Vaults:2 | 37411 ||| FLEEEEING.
 37412 | Vaults:2 | 37412 ||| FLEEEEING.
 37413 | Vaults:2 | 37413 ||| FLEEEEING.
 37414 | Vaults:2 | 37414 ||| FLEEEEING.
 37415 | Vaults:2 | 37415 ||| FLEEEEING.
 37419 | Vaults:2 | 37419 ||| Stepping ~*~*~tactically~*~*~ (hiding).
 37420 | Vaults:2 | 37420 ||| Stepping ~*~*~tactically~*~*~ (hiding).
 37539 | Vaults:2 | 37539 ||| Stepping ~*~*~tactically~*~*~ (stealth).
 37541 | Vaults:2 | 37541 ||| Stepping ~*~*~tactically~*~*~ (stealth).
 37558 | Vaults:2 | 37558 ||| FLEEEEING.
 37559 | Vaults:2 | 37559 ||| FLEEEEING.
 37560 | Vaults:2 | 37560 ||| FLEEEEING.
 37619 | Vaults:2 | 37619 ||| Stepping ~*~*~tactically~*~*~ (stealth).
 37723 | Vaults:2 | 37723 ||| Stepping ~*~*~tactically~*~*~ (hiding).
 37733 | Vaults:2 | Reached skill level 17 in Fighting
 37749 | Vaults:2 | 37749 ||| Stepping ~*~*~tactically~*~*~ (hiding).
 37760 | Vaults:2 | Reached ****** piety under Okawaru
 37760 | Vaults:2 | Received a gift from Okawaru
 37767 | Vaults:2 | 37767 ||| Stepping ~*~*~tactically~*~*~ (hiding).
 37774 | Vaults:2 | Identified the +7 glaive "Suirchoi" {drain, rPois Int+4}
 37820 | Vaults:2 | 37820 ||| INVOKING Heroism.
 37959 | Vaults:2 | Paralysed by a sphinx for 5 turns
 37967 | Vaults:2 | Received a gift from Okawaru
 38072 | Vaults:2 | Noticed Mara
 38073 | Vaults:2 | 38073 ||| Stepping ~*~*~tactically~*~*~ (hiding).
 38075 | Vaults:2 | 38075 ||| Stepping ~*~*~tactically~*~*~ (hiding).
 38079 | Vaults:2 | 38079 ||| INVOKING Heroism.
 38080 | Vaults:2 | 38080 ||| INVOKING Finesse.
 38091 | Vaults:2 | Killed Mara
 38288 | Vaults:2 | 38288 ||| DROPPING +2 pair of gloves of stealth.
 38334 | Vaults:2 | 38334 ||| READING scroll of acquirement.
 38334 | Vaults:2 | 38334 ||| ACQUIRING 343 gold pieces
 38334 | Vaults:2 | Acquired 343 gold pieces
 38380 | Vaults:2 | 38380 ||| Stepping ~*~*~tactically~*~*~ (stealth).
 38390 | Vaults:2 | Reached XP level 20. HP: 102/134 MP: 24/24
 38399 | Vaults:2 | 38399 ||| FLEEEEING.
 38400 | Vaults:2 | 38400 ||| FLEEEEING.
 38401 | Vaults:2 | 38401 ||| FLEEEEING.
 38402 | Vaults:2 | 38402 ||| FLEEEEING.
 38403 | Vaults:2 | 38403 ||| FLEEEEING.
 38404 | Vaults:2 | 38404 ||| FLEEEEING.
 38405 | Vaults:2 | 38405 ||| FLEEEEING.
 38406 | Vaults:2 | 38406 ||| FLEEEEING.
 38411 | Vaults:2 | 38411 ||| FLEEEEING.
 38412 | Vaults:2 | 38412 ||| FLEEEEING.
 38413 | Vaults:2 | 38413 ||| FLEEEEING.
 38420 | Vaults:2 | 38420 ||| FLEEEEING.
 38421 | Vaults:2 | 38421 ||| FLEEEEING.
 38424 | Vaults:2 | 38424 ||| FLEEEEING.
 38425 | Vaults:2 | 38425 ||| FLEEEEING.
 38426 | Vaults:2 | 38426 ||| FLEEEEING.
 38427 | Vaults:2 | 38427 ||| FLEEEEING.
 38428 | Vaults:2 | 38428 ||| FLEEEEING.
 38429 | Vaults:2 | 38429 ||| FLEEEEING.
 38430 | Vaults:2 | 38430 ||| FLEEEEING.
 38441 | Vaults:2 | 38441 ||| FLEEEEING.
 38442 | Vaults:2 | 38442 ||| FLEEEEING.
 38443 | Vaults:2 | 38443 ||| FLEEEEING.
 38444 | Vaults:2 | 38444 ||| FLEEEEING.
 38445 | Vaults:2 | 38445 ||| FLEEEEING.
 38446 | Vaults:2 | 38446 ||| FLEEEEING.
 38454 | Vaults:2 | 38454 ||| FLEEEEING.
 38455 | Vaults:2 | 38455 ||| FLEEEEING.
 38456 | Vaults:2 | 38456 ||| FLEEEEING.
 38457 | Vaults:2 | 38457 ||| FLEEEEING.
 38458 | Vaults:2 | 38458 ||| FLEEEEING.
 38459 | Vaults:2 | 38459 ||| FLEEEEING.
 38460 | Vaults:2 | 38460 ||| FLEEEEING.
 38461 | Vaults:2 | 38461 ||| FLEEEEING.
 38466 | Vaults:2 | 38466 ||| FLEEEEING.
 38467 | Vaults:2 | 38467 ||| FLEEEEING.
 38469 | Vaults:2 | 38469 ||| STAIRDANCE
 38675 | Vaults:2 | 38675 ||| STAIRDANCE
 39003 | Vaults:2 | 39003 ||| Stepping ~*~*~tactically~*~*~ (hiding).
 39424 | Vaults:3 | 39424 ||| Stepping ~*~*~tactically~*~*~ (hiding).
 39426 | Vaults:3 | 39426 ||| Stepping randomly (disturbance).
 39427 | Vaults:3 | 39427 ||| Stepping ~*~*~tactically~*~*~ (hiding).
 39428 | Vaults:3 | 39428 ||| INVOKING Heroism.
 39434 | Vaults:3 | 39434 ||| INVOKING Finesse.
 39474 | Vaults:3 | Received a gift from Okawaru
 39538 | Vaults:3 | Identified the +1 pair of boots of Sharp Wonder {rPois rF+}
 39623 | Vaults:3 | Identified the +1 battleaxe "Duobos" {vamp, rF+ Will+
                  | Dex-3} (Okawaru gifted it to you on level 3 of the Vaults)
 39623 | Vaults:3 | Received a gift from Okawaru
 39690 | Abyss:2  | Cast into level 2 of the Abyss (a wizard)
 39692 | Abyss:2  | 39692 ||| UPGRADING to +1 pair of boots of Sharp Wonder
                  | {rPois rF+}.
 39702 | Abyss:2  | 39702 ||| DROPPING +1 pair of boots.
 39711 | Vaults:3 | Escaped the Abyss
 39808 | Vaults:3 | 39808 ||| Stepping ~*~*~tactically~*~*~ (hiding).
 39831 | Vaults:3 | 39831 ||| INVOKING Heroism.
 40147 | Vaults:3 | 40147 ||| Stepping ~*~*~tactically~*~*~ (hiding).
 40149 | Vaults:3 | 40149 ||| Stepping ~*~*~tactically~*~*~ (hiding).
 40183 | Vaults:3 | Reached skill level 18 in Fighting
 40217 | Vaults:3 | Found an opulent altar of Gozag.
 40221 | Vaults:3 | Found Gozag's Assorted Antiques.
 40222 | Vaults:3 | Found Gozag's Assorted Antiques.
 40224 | Vaults:3 | Found Gozag's Antique Armour Emporium.
 40238 | Vaults:3 | 40238 ||| Stepping ~*~*~tactically~*~*~ (hiding).
 40245 | Vaults:3 | 40245 ||| Stepping ~*~*~tactically~*~*~ (hiding).
 40257 | Vaults:3 | 40257 ||| INVOKING Heroism.
 40258 | Vaults:3 | Received a gift from Okawaru
 40308 | Vaults:3 | 40308 ||| BUYING fine chain mail (950 gold).
 40308 | Vaults:3 | Bought a fine chain mail for 950 gold pieces
 40308 | Vaults:3 | Identified the +7 chain mail of Insurance {+Inv rC- Str+6
                  | Dex+3} (You bought it in a shop on level 3 of the Vaults)
 40308 | Vaults:3 | 40308 ||| BUYING potion of curing (300 gold).
 40308 | Vaults:3 | Bought a potion of curing for 300 gold pieces
 40308 | Vaults:3 | 40308 ||| BUYING potion of curing (300 gold).
 40308 | Vaults:3 | Bought a potion of curing for 300 gold pieces
 40316 | Vaults:3 | 40316 ||| BUYING pair of glowing gloves (750 gold).
 40316 | Vaults:3 | Bought a pair of glowing gloves for 750 gold pieces
 40316 | Vaults:3 | 40316 ||| SHOPLISTING shiny plate armour (2600 gold, have
                  | 553).
 40324 | Vaults:3 | 40324 ||| SHOPLISTING pair of glowing gloves (750 gold,
                  | have 553).
 40324 | Vaults:3 | 40324 ||| BUYING potion of curing (300 gold).
 40324 | Vaults:3 | Bought a potion of curing for 300 gold pieces
 40405 | Vaults:3 | Found a staircase to the Crypt.
 40462 | Vaults:3 | Found Xugipo's Magic Scroll Shop.
 40473 | Vaults:3 | 40473 ||| INVOKING Heroism.
 40533 | Vaults:3 | 40533 ||| BUYING scroll of enchant armour (135 gold).
 40533 | Vaults:3 | Bought a scroll of enchant armour for 135 gold pieces
 40533 | Vaults:3 | 40533 ||| BUYING scroll of enchant armour (135 gold).
 40533 | Vaults:3 | Bought a scroll of enchant armour for 135 gold pieces
 40533 | Vaults:3 | 40533 ||| BUYING scroll of teleportation (54 gold).
 40533 | Vaults:3 | Bought a scroll of teleportation for 54 gold pieces
 40559 | Vaults:3 | 40559 ||| FLEEEEING.
 40560 | Vaults:3 | 40560 ||| FLEEEEING.
 40574 | Vaults:3 | Received a gift from Okawaru
 40590 | Vaults:3 | Reached skill level 15 in Armour
 40600 | Vaults:3 | Received a gift from Okawaru
 40703 | Vaults:3 | 40703 ||| DROPPING +0 broad axe.
 40740 | Vaults:3 | You are sucked into a shaft and drop 1 floor!
 41170 | Vaults:4 | 41170 ||| INVOKING Heroism.
 41171 | Vaults:4 | 41171 ||| INVOKING Finesse.
 41186 | Vaults:4 | Reached XP level 21. HP: 127/141 MP: 18/25
 41255 | Vaults:4 | Reached skill level 9 in Dodging
 41337 | Vaults:4 | Received a gift from Okawaru
 41587 | Vaults:4 | Received a gift from Okawaru
 41598 | Vaults:4 | 41598 ||| Stepping ~*~*~tactically~*~*~ (stealth).
 41708 | Vaults:4 | Identified the +2 chain mail "Rinyudghe" {*Slow Will+++
                  | Dex-4 Slay+3} (Okawaru gifted it to you on level 4 of the
                  | Vaults)
 41708 | Vaults:4 | Received a gift from Okawaru
 41756 | Vaults:4 | 41756 ||| Stepping ~*~*~tactically~*~*~ (hiding).
 41757 | Vaults:4 | 41757 ||| Stepping ~*~*~tactically~*~*~ (hiding).
 41770 | Abyss:2  | Cast into level 2 of the Abyss (a wizard)
 41788 | Abyss:2  | Reached skill level 19 in Fighting
 41804 | Abyss:2  | 41804 ||| Stepping ~*~*~tactically~*~*~ (stealth).
 41840 | Abyss:2  | Found a corrupted altar of Lugonu.
 41870 | Abyss:2  | 41870 ||| Stepping ~*~*~tactically~*~*~ (hiding).
 41872 | Abyss:2  | 41872 ||| Stepping ~*~*~tactically~*~*~ (hiding).
 41883 | Abyss:2  | 41883 ||| Stepping ~*~*~tactically~*~*~ (stealth).
 41897 | Abyss:2  | 41897 ||| Stepping ~*~*~tactically~*~*~ (hiding).
 41902 | Abyss:2  | Paralysed by accursed screaming for 1 turns
 41932 | Abyss:2  | 41932 ||| Stepping ~*~*~tactically~*~*~ (stealth).
 41933 | Abyss:2  | 41933 ||| Stepping ~*~*~tactically~*~*~ (stealth).
 41934 | Abyss:2  | 41934 ||| Stepping ~*~*~tactically~*~*~ (stealth).
 41949 | Abyss:2  | 41949 ||| Stepping ~*~*~tactically~*~*~ (stealth).
 41951 | Abyss:2  | 41951 ||| Stepping ~*~*~tactically~*~*~ (hiding).
 42029 | Abyss:2  | 42029 ||| Stepping ~*~*~tactically~*~*~ (stealth).
 42034 | Abyss:2  | 42034 ||| Stepping ~*~*~tactically~*~*~ (stealth).
 42046 | Abyss:2  | 42046 ||| Stepping ~*~*~tactically~*~*~ (hiding).
 42055 | Abyss:2  | 42055 ||| Stepping ~*~*~tactically~*~*~ (stealth).
 42064 | Abyss:2  | 42064 ||| Stepping ~*~*~tactically~*~*~ (stealth).
 42068 | Abyss:2  | 42068 ||| Stepping ~*~*~tactically~*~*~ (stealth).
 42138 | Abyss:2  | 42138 ||| Stepping ~*~*~tactically~*~*~ (stealth).
 42155 | Abyss:2  | 42155 ||| Stepping ~*~*~tactically~*~*~ (stealth).
 42157 | Abyss:2  | 42157 ||| Stepping ~*~*~tactically~*~*~ (hiding).
 42158 | Abyss:2  | 42158 ||| INVOKING Heroism.
 42175 | Abyss:2  | 42175 ||| Stepping ~*~*~tactically~*~*~ (hiding).
 42288 | Abyss:2  | 42288 ||| Stepping ~*~*~tactically~*~*~ (stealth).
 42290 | Abyss:2  | 42290 ||| Stepping ~*~*~tactically~*~*~ (hiding).
 42325 | Abyss:2  | 42325 ||| UPGRADING to +2 chain mail "Rinyudghe" {*Slow
                  | Will+++ Dex-4 Slay+3}.
 42334 | Abyss:2  | Gained mutation: You are weak. (Str -2) [a neqoxec]
 42337 | Abyss:2  | 42337 ||| DROPPING +2 pair of gloves.
 42340 | Abyss:2  | Found a corrupted altar of Lugonu.
 42422 | Abyss:2  | 42422 ||| Stepping randomly (disturbance).
 42429 | Abyss:2  | 42429 ||| INVOKING Heroism.
 42430 | Abyss:2  | 42430 ||| INVOKING Finesse.
 42481 | Abyss:2  | 42481 ||| Stepping ~*~*~tactically~*~*~ (hiding).
 42499 | Abyss:2  | 42499 ||| Stepping ~*~*~tactically~*~*~ (stealth).
 42499 | Abyss:2  | Found a corrupted altar of Lugonu.
 42500 | Abyss:2  | 42500 ||| Stepping ~*~*~tactically~*~*~ (stealth).
 42511 | Abyss:2  | 42511 ||| Stepping ~*~*~tactically~*~*~ (hiding).
 42526 | Abyss:2  | 42526 ||| Stepping ~*~*~tactically~*~*~ (stealth).
 42534 | Abyss:2  | 42534 ||| Stepping ~*~*~tactically~*~*~ (hiding).
 42536 | Abyss:2  | 42536 ||| Stepping ~*~*~tactically~*~*~ (hiding).
 42538 | Abyss:2  | 42538 ||| Stepping ~*~*~tactically~*~*~ (hiding).
 42594 | Vaults:4 | Escaped the Abyss
 42608 | Vaults:4 | 42608 ||| INVOKING Heroism.
 43144 | Vaults:3 | 43144 ||| DROPPING +5 chain mail of the Swamp {Dex+2}.
 43202 | Vaults:4 | 43202 ||| Stepping ~*~*~tactically~*~*~ (stealth).
 43274 | Vaults:4 | 43274 ||| Stepping ~*~*~tactically~*~*~ (hiding).
 43418 | Vaults:4 | 43418 ||| Stepping ~*~*~tactically~*~*~ (stealth).
 43531 | Vaults:4 | 43531 ||| Stepping ~*~*~tactically~*~*~ (stealth).
 43848 | Vaults:4 | 43848 ||| PLANNING SPIDER:4
 43848 | Vaults:4 | 43848 ||| UPGRADING to +7 chain mail of Insurance {+Inv rC-
                  | Str+6 Dex+3}.
 44232 | Spider:4 | Entered Level 4 of the Spider Nest
 44255 | Spider:4 | 44255 ||| Stepping ~*~*~tactically~*~*~ (stealth).
 44263 | Spider:4 | 44263 ||| FLEEEEING.
 44266 | Spider:4 | 44266 ||| FLEEEEING.
 44269 | Spider:4 | 44269 ||| FLEEEEING.
 44270 | Spider:4 | 44270 ||| FLEEEEING.
 44271 | Spider:4 | 44271 ||| FLEEEEING.
 44272 | Spider:4 | 44272 ||| FLEEEEING.
 44273 | Spider:4 | 44273 ||| FLEEEEING.
 44274 | Spider:4 | 44274 ||| FLEEEEING.
 44307 | Spider:4 | 44307 ||| INVOKING Finesse.
 44362 | Spider:4 | 44362 ||| Stepping ~*~*~tactically~*~*~ (hiding).
 44562 | Spider:4 | 44562 ||| Stepping ~*~*~tactically~*~*~ (hiding).
 44593 | Spider:4 | 44593 ||| Stepping ~*~*~tactically~*~*~ (hiding).
 44617 | Spider:4 | 44617 ||| Stepping ~*~*~tactically~*~*~ (stealth).
 44628 | Spider:4 | 44628 ||| Stepping ~*~*~tactically~*~*~ (stealth).
 44648 | Spider:4 | 44648 ||| INVOKING Finesse.
 44653 | Spider:4 | 44653 ||| Stepping ~*~*~tactically~*~*~ (stealth).
 44654 | Spider:4 | 44654 ||| Stepping ~*~*~tactically~*~*~ (stealth).
 44657 | Spider:4 | 44657 ||| Stepping ~*~*~tactically~*~*~ (stealth).
 44686 | Spider:4 | 44686 ||| Stepping ~*~*~tactically~*~*~ (stealth).
 44688 | Spider:4 | 44688 ||| Stepping ~*~*~tactically~*~*~ (stealth).
 44721 | Spider:4 | Noticed Arachne
 44724 | Spider:4 | 44724 ||| Stepping ~*~*~tactically~*~*~ (hiding).
 44755 | Spider:4 | Killed Arachne
 44755 | Spider:4 | Identified the +1 hat of Pozis {rElec rPois Dex+2 SInv}
                  | (Okawaru gifted it to you on level 4 of the Spider Nest)
 44755 | Spider:4 | Received a gift from Okawaru
 45023 | Spider:4 | 45023 ||| Stepping ~*~*~tactically~*~*~ (stealth).
 45071 | Spider:4 | 45071 ||| INVOKING Heroism.
 45085 | Spider:4 | Reached XP level 22. HP: 81/150 MP: 26/26
 45094 | Spider:4 | 45094 ||| INVOKING Heroism.
 45131 | Spider:4 | 45131 ||| INVOKING Finesse.
 45325 | Spider:4 | Got a gossamer rune of Zot
 45544 | Spider:4 | 45544 ||| PLANNING DEPTHS
 45544 | Spider:4 | 45544 ||| UPGRADING to +1 hat of Pozis {rElec rPois Dex+2
                  | SInv}.
 45554 | Spider:4 | 45554 ||| DROPPING +1 pair of boots.
 45555 | Spider:4 | 45555 ||| DROPPING scarf of harm.
 45556 | Spider:4 | 45556 ||| DROPPING scarf of invisibility.
 45855 | Depths:1 | Entered Level 1 of the Depths
 45863 | Depths:1 | 45863 ||| Stepping ~*~*~tactically~*~*~ (stealth).
 45879 | Depths:1 | Reached skill level 20 in Fighting
 45900 | Depths:1 | Identified the +9 shortbow of Severance {flame, Int+3}
 45921 | Depths:1 | 45921 ||| DROPPING +1 helmet.
 45922 | Depths:1 | 45922 ||| Stepping ~*~*~tactically~*~*~ (hiding).
 45990 | Depths:1 | Found a runed translucent door.
 46000 | Depths:1 | 46000 ||| INVOKING Heroism.
 46001 | Depths:1 | 46001 ||| INVOKING Finesse.
 46203 | Depths:1 | 46203 ||| INVOKING Finesse.
 46247 | Depths:1 | 46247 ||| INVOKING Heroism.
 46326 | Depths:1 | Paralysed by a vampire knight for 2 turns
 46462 | Depths:1 | 46462 ||| INVOKING Heroism.
 46463 | Depths:1 | 46463 ||| INVOKING Finesse.
 46541 | Depths:1 | 46541 ||| Stepping ~*~*~tactically~*~*~ (stealth).
 46543 | Depths:1 | 46543 ||| Stepping ~*~*~tactically~*~*~ (stealth).
 46547 | Depths:1 | 46547 ||| INVOKING Heroism.
 46548 | Depths:1 | 46548 ||| INVOKING Finesse.
 46592 | Depths:1 | Found a gateway to Hell.
 46694 | Depths:1 | 46694 ||| Stepping ~*~*~tactically~*~*~ (hiding).
 46698 | Depths:1 | 46698 ||| INVOKING Heroism.
 46721 | Depths:1 | Reached skill level 21 in Shields
 46730 | Depths:1 | 46730 ||| Stepping ~*~*~tactically~*~*~ (hiding).
 46731 | Depths:1 | 46731 ||| Stepping ~*~*~tactically~*~*~ (hiding).
 46858 | Depths:1 | Received a gift from Okawaru
 47024 | Depths:1 | Found Suakuiso's Tremendous Tomes.
 47192 | Depths:1 | 47192 ||| Stepping ~*~*~tactically~*~*~ (hiding).
 47193 | Depths:1 | 47193 ||| Stepping ~*~*~tactically~*~*~ (hiding).
 47316 | Depths:1 | 47316 ||| DROPPING ring of wizardry.
 47435 | Depths:2 | 47435 ||| Stepping ~*~*~tactically~*~*~ (stealth).
 47438 | Depths:2 | 47438 ||| Stepping ~*~*~tactically~*~*~ (stealth).
 48831 | Depths:2 | 48831 ||| Stepping ~*~*~tactically~*~*~ (stealth).
 48850 | Depths:2 | 48850 ||| INVOKING Heroism.
 48867 | Depths:2 | Received a gift from Okawaru
 48879 | Depths:2 | 48879 ||| Stepping ~*~*~tactically~*~*~ (hiding).
 49037 | Depths:2 | 49037 ||| Stepping ~*~*~tactically~*~*~ (hiding).
 49048 | Depths:2 | 49048 ||| Stepping ~*~*~tactically~*~*~ (hiding).
 49062 | Depths:2 | Reached skill level 21 in Fighting
 49065 | Depths:2 | 49065 ||| INVOKING Heroism.
 49230 | Depths:2 | Found a one-way gate leading to the halls of Pandemonium.
 49240 | Depths:2 | 49240 ||| DRINKING 16 potions of curing.
 49240 | Depths:2 | 49240 ||| (to cure confusion)
 49354 | Depths:2 | 49354 ||| Stepping ~*~*~tactically~*~*~ (hiding).
 49357 | Depths:2 | 49357 ||| Stepping ~*~*~tactically~*~*~ (hiding).
 49377 | Depths:2 | 49377 ||| Stepping ~*~*~tactically~*~*~ (stealth).
 49384 | Depths:2 | 49384 ||| Stepping ~*~*~tactically~*~*~ (stealth).
 49419 | Depths:2 | 49419 ||| INVOKING Heroism.
 49420 | Depths:2 | 49420 ||| INVOKING Finesse.
 49673 | Depths:2 | 49673 ||| Stepping ~*~*~tactically~*~*~ (hiding).
 49676 | Depths:2 | 49676 ||| Stepping ~*~*~tactically~*~*~ (hiding).
 49677 | Depths:2 | 49677 ||| Stepping ~*~*~tactically~*~*~ (hiding).
 49678 | Depths:2 | 49678 ||| INVOKING Heroism.
 49679 | Depths:2 | 49679 ||| INVOKING Finesse.
 49682 | Depths:2 | 49682 ||| DRINKING 4 potions of resistance.
 49732 | Depths:2 | 49732 ||| DRINKING 15 potions of curing.
 49732 | Depths:2 | 49732 ||| (to cure confusion)
 49741 | Depths:2 | Reached XP level 23. HP: 121/160 MP: 9/27
 49744 | Depths:2 | 49744 ||| DRINKING 14 potions of curing.
 49744 | Depths:2 | 49744 ||| (to cure confusion)
 49759 | Depths:2 | 49759 ||| DRINKING 13 potions of curing.
 49759 | Depths:2 | 49759 ||| (to cure confusion)
 49760 | Depths:2 | 49760 ||| DRINKING 12 potions of curing.
 49760 | Depths:2 | 49760 ||| (to cure confusion)
 49771 | Depths:2 | 49771 ||| DRINKING 11 potions of curing.
 49771 | Depths:2 | 49771 ||| (to cure confusion)
 49833 | Depths:2 | 49833 ||| INVOKING Heroism.
 49836 | Depths:2 | 49836 ||| DRINKING 10 potions of curing.
 49836 | Depths:2 | 49836 ||| (to cure confusion)
 49975 | Depths:2 | 49975 ||| INVOKING Heroism.
 49980 | Depths:2 | 49980 ||| DRINKING 9 potions of curing.
 49980 | Depths:2 | 49980 ||| (to cure confusion)
 50212 | Depths:2 | 50212 ||| UPGRADING to +1 tower shield of protection.
 50222 | Depths:2 | 50222 ||| DROPPING +0 tower shield.
 50231 | Depths:1 | 50231 ||| Stepping randomly (stuck).
 50451 | Depths:3 | 50451 ||| INVOKING Heroism.
 50577 | Depths:3 | 50577 ||| Stepping ~*~*~tactically~*~*~ (stealth).
 50611 | Depths:3 | Reached skill level 12 in Throwing
 50615 | Depths:3 | Received a gift from Okawaru
 50681 | Depths:3 | 50681 ||| Stepping ~*~*~tactically~*~*~ (hiding).
 50682 | Depths:3 | 50682 ||| Stepping ~*~*~tactically~*~*~ (hiding).
 50793 | Depths:3 | Received a gift from Okawaru
 50902 | Depths:3 | 50902 ||| Stepping ~*~*~tactically~*~*~ (stealth).
 50904 | Depths:3 | 50904 ||| Stepping ~*~*~tactically~*~*~ (hiding).
 50909 | Depths:3 | 50909 ||| INVOKING Heroism.
 51072 | Depths:3 | 51072 ||| INVOKING Heroism.
 51155 | Depths:3 | 51155 ||| Stepping ~*~*~tactically~*~*~ (hiding).
 51158 | Depths:3 | 51158 ||| INVOKING Heroism.
 51229 | Depths:3 | You are sucked into a shaft and drop 1 floor!
 51229 | Depths:4 | Entered Level 4 of the Depths
 51231 | Depths:4 | 51231 ||| Stepping ~*~*~tactically~*~*~ (hiding).
 51233 | Depths:4 | 51233 ||| Stepping ~*~*~tactically~*~*~ (hiding).
 51235 | Depths:4 | 51235 ||| Stepping ~*~*~tactically~*~*~ (hiding).
 51253 | Depths:4 | Received a gift from Okawaru
 51307 | Depths:4 | 51307 ||| Stepping ~*~*~tactically~*~*~ (hiding).
 51308 | Depths:4 | 51308 ||| Stepping ~*~*~tactically~*~*~ (hiding).
 51309 | Depths:4 | Noticed a golden dragon
 51310 | Depths:4 | 51310 ||| INVOKING Heroism.
 51318 | Depths:4 | Noticed a golden dragon
 51333 | Depths:4 | Reached skill level 22 in Fighting
 51337 | Depths:4 | Killed a golden dragon
 51343 | Depths:4 | Killed a golden dragon
 51344 | Depths:4 | 51344 ||| INVOKING Finesse.
 51347 | Depths:4 | Received a gift from Okawaru
 51353 | Depths:4 | HP: 13/162 [frost giant/bolt of cold (42)]
 51354 | Depths:4 | 51354 ||| READING 15 scrolls of teleportation.
 51355 | Depths:4 | 51355 ||| DRINKING 2 potions of heal wounds.
 51356 | Depths:4 | 51356 ||| DRINKING potion of heal wounds.
 51376 | Depths:4 | HP: 36/162 [tengu conjurer/bolt of lightning (9)]
 51377 | Depths:4 | 51377 ||| READING 14 scrolls of teleportation.
 51485 | Depths:4 | 51485 ||| DROPPING ring of see invisible.
 51493 | Depths:3 | 51493 ||| Stepping randomly (stuck).
 52209 | Depths:3 | Received a gift from Okawaru
 52241 | Depths:3 | Found a one-way gate to the infinite horrors of the Abyss.
 52390 | Depths:4 | Found a one-way gateway to a ziggurat.
 52462 | Depths:4 | 52462 ||| DROPPING +3 vampiric broad axe.
 52474 | Depths:4 | Found a gate to the Realm of Zot.
 52731 | Depths:4 | 52731 ||| Stepping ~*~*~tactically~*~*~ (stealth).
 52735 | Depths:4 | 52735 ||| Stepping ~*~*~tactically~*~*~ (hiding).
 52737 | Depths:4 | 52737 ||| Stepping ~*~*~tactically~*~*~ (hiding).
 52738 | Depths:4 | 52738 ||| Stepping ~*~*~tactically~*~*~ (hiding).
 52960 | Depths:4 | Identified the +0 chain mail "Xeosifoh" {rPois rCorr}
 53025 | Depths:4 | Found an opulent altar of Gozag.
 53256 | Depths:4 | 53256 ||| PLANNING VAULTS:5
 53256 | Depths:4 | 53256 ||| DROPPING +0 acid dragon scales.
 53257 | Depths:4 | 53257 ||| UPGRADING to +2 chain mail "Rinyudghe" {*Slow
                  | Will+++ Dex-4 Slay+3}.
 53267 | Depths:4 | 53267 ||| DROPPING +3 chain mail of fire resistance.
 53268 | Depths:4 | 53268 ||| DROPPING +2 plate armour of poison resistance.
 53269 | Depths:4 | 53269 ||| DROPPING +0 ice dragon scales.
 53514 | Vaults:5 | Entered Level 5 of the Vaults
 53525 | Vaults:5 | Received a gift from Okawaru
 53529 | Vaults:5 | 53529 ||| INVOKING Finesse.
 53537 | Vaults:5 | 53537 ||| INVOKING Heroism.
 53555 | Vaults:5 | Reached skill level 18 in Armour
 53560 | Vaults:5 | Received a gift from Okawaru
 53595 | Vaults:5 | Noticed a dread lich
 53596 | Vaults:5 | 53596 ||| Stepping ~*~*~tactically~*~*~ (hiding).
 53608 | Vaults:5 | Killed a dread lich
 53608 | Vaults:5 | Received a gift from Okawaru
 53649 | Vaults:5 | Reached XP level 24. HP: 78/168 MP: 27/27
 53652 | Vaults:5 | HP: 19/168 [stone giant/large rock (28)]
 53653 | Vaults:5 | 53653 ||| READING 14 scrolls of teleportation.
 53659 | Vaults:5 | HP: 2/168 [deep elf annihilator/crystal spear (22)]
 53661 | Vaults:5 | Identified the ring of Sorizofo {rN+ Will+ Str+4}
 53662 | Vaults:5 | Killed from afar by an ironbound thunderhulk

Levels and vault maps discovered:
D:1:      dpeg_arrival_orchard, layout_basic, st_stairs_2,
          ebering_dispersal_statue_hall, chequers_serial_rivers_small_b
D:2:      layout_basic, ebering_ecumenical_altar_petrified, minmay_lizard_pond,
          uniq_robin
D:3:      layout_loops_ring, nicolae_uskayaw_en_pointe,
          mainiacjoe_overflow_cross_hatched
D:4:      layout_layer_cave, mainiacjoe_overflow_brackets, slow_altar_1,
          fiery_altar_vehumet, nicolae_overflow_hallway_of_the_gods,
          gammafunk_ghost_mausoleum, nicolae_titane, uniq_natasha
D:5:      layout_loops_corners, nicolae_ru_sacrificial_ziggurat,
          mainiacjoe_overflow_24_doors, mainiacjoe_overflow_surrounded_room,
          minmay_temple_entry_fiery, serial_shops, shop,
          gup_sewer_entry_bubbles, hangedman_decor_diamond_cutter,
          uniq_blork_the_orc
D:6:      layout_basic, mainiacjoe_overflow_small_starburst,
          grunt_ministairs_13, hangedman_abyss_or_decor_slice
D:7:      layout_basic, worldfamousw_hep_ancestral_shrine, enter_bailey_3,
          uniq_joseph
D:8:      layout_cave_pools, kennysheep_mini_moat, fedhas_altar_decomposition,
          minmay_lindwurm_lava
D:9:      layout_cave_pods, zin_angel, mainiacjoe_overflow_boulevard,
          minmay_fractal_squares_gapless_7
D:10:     layout_cave_pools, overflow_temple_1_default, lemuel_tele_altar
D:11:     layout_roguey, lair_entry_dummy, david_orc_4, st_stairs_13,
          kennysheep_generic_room_8
D:12:     lemuel_bear_cage, layout_long_grid, gauntlet_entry_generic,
          nicolae_trove_entry_diagonal
D:13:     layout_loops_corners, nicolae_dithmenos_through_a_glass_darkly
D:14:     layout_gridville, grunt_vaults_entry_fortified, chequers_garden,
          uniq_frances
D:15:     grunt_enter_depths_magical_seal, layout_loops_ring,
          serial_park_tiny_pond, uniq_agnes, uniq_azrael, uniq_nessos,
          uniq_rupert
Lair:1:   wander_river, layout_concentric_octagons,
          chequers_serial_rivers_room_a, beast_lair_carwin_9, uniq_amaemon
Lair:2:   layout_cave_pods, hellmonk_spider_entry_life_and_decay,
          infiniplex_staircase_pool_2, uniq_maggie
Lair:3:   layout_layer_cave, minmay_shoals_entry_centaurs,
          nicolae_quartered_pool_little, chequers_serial_rivers_room_b
Lair:4:   layout_cellular_growth
Lair:5:   grunt_lair_end_beastmaster, layout_regular_city,
          nicolae_slime_entry_field_trip, pdpol_lair_cabin_in_the_woods,
          uniq_urug
Shoals:1: layout_shoals
Shoals:2: layout_shoals, gammafunk_ghost_wrathful_warriors
Shoals:3: layout_shoals, nicolae_shoals_siren_and_animal_friends, uniq_nikola
Shoals:4: shoals_end_simple, layout_shoals, serial_shops, nicolae_shop_drivethru
Spider:1: layout_spider_delve
Spider:2: layout_spider_delve, drop_trap, hellmonk_watch_for_rolling_rocks,
          uniq_louise, uniq_asterion
Spider:3: layout_spider_delve, uniq_aizul
Spider:4: hellmonk_spider_rune_bug_friends, uniq_arachne
Orc:1:    layout_caves, serial_shops, shop
Orc:2:    pubby_orc_utopia
Vaults:1: v_misc_12, hangedman_vaults_nodes, grunt_vaults_twisty,
          vaults_room_corners, ontoclasm_vaults_decontamination,
          nicolae_vaults_six-pack, v_pattern_4, nicolae_vaults_tetromino_L_2,
          vaults_room_pools, nicolae_vaults_rhombus_5, layout_vaults_quadrants,
          serial_shops, shop
Vaults:2: st_spiral_rooms, v_rooms_3, nicolae_vaults_triangles,
          nicolae_vaults_house_1, ontoclasm_vaults_ring_small,
          nicolae_vaults_offset_grid_hallway_3, nicolae_vaults_alarming,
          v_misc_10, v_alt_pattern_6, layout_vaults_omnicross, uniq_mara
Vaults:3: v_misc_9, nicolae_vaults_little_squares_2,
          kennysheep_vaults_gozag_temple, vaults_mumra_chevron_long,
          nicolae_vaults_diamond_2, nicolae_vaults_tangram_2,
          ontoclasm_vaults_spin, vaults_mumra_minichess_inversion,
          minmay_crypt_entry_simple_box, nicolae_vaults_border_crossing,
          nicolae_vaults_more_shelving_2, vaults_dpeg_cross,
          nicolae_vaults_surprise_closet, vaults_dpeg_ring,
          layout_vaults_chaotic_city, serial_shops, shop
Vaults:4: v_misc_17, nicolae_vaults_network_barrier, hangedman_vaults_maws,
          nicolae_vaults_trapezoid_lopsided_1, hangedman_vaults_cutoff,
          nicolae_vaults_angled_halls, nicolae_vaults_circle_grid_a, st_cells,
          v_misc_23, vaults_mumra_hexcomb, nicolae_vaults_apartment_2,
          layout_vaults_ring
Vaults:5
Depths:1: layout_gridlike, serial_glass, glass_columns_b, glass_columns_a,
          glass_columns_b, glass_columns_a, glass_columns_c, glass_columns_c,
          glass_columns_a, glass_columns_a, hell_entry,
          nicolae_shop_i_like_big_books, minmay_hidden_floor, firewood_loft,
          grunt_megastairs_2
Depths:2: dreamdust_isle_of_ice, layout_basic, grunt_hell_horde,
          grunt_pan_entry_zigzag, kennysheep_small_spiral,
          infiniplex_staircase_spiral, roderic_lattice_octagonal_star,
          serial_bayou_shore_a
Depths:3: kennysheep_funnel, layout_gridville, hangedman_decor_growths,
          rand_demon_pan_entry_5, abyss_entry, hangedman_geh_valley,
          infiniplex_staircase_diamond
Depths:4: grunt_crosshair, layout_basic, enter_ziggurat_d,
          minmay_misc_feat_alley, hell_entry, corexii_corridor_pit,
          grunt_gozag_breadcrumbs

Skill      XL: |  1  2  3  4  5  6  7  8  9 10 11 12 13 14 15 16 17 18 19 20 21 22 23 24 |
---------------+-------------------------------------------------------------------------+-----
Axes           | 2 3 4 5 7 8 10 11 12 13 14 16 17 18 | 18.0
Throwing       | 1 2 3 5 6 8 9 10 11 12 13 | 13.0
Fighting       | 4 5 7 8 9 10 11 12 13 15 17 18 19 21 22 | 22.0
Dodging        | 1 2 4 5 6 7 8 10 11 | 11.8
Invocations    | 4 8 10 | 10.0
Shields        | 4 5 6 7 8 13 14 18 19 20 21 | 21.4
Armour         | 4 5 7 8 9 10 11 12 14 15 16 18 | 18.0

Action                     |  1- 3 |  4- 6 |  7- 9 | 10-12 | 13-15 | 16-18 | 19-21 | 22-24 || total
---------------------------+-------+-------+-------+-------+-------+-------+-------+-------++-------
  Melee: War axe           |   119 |   110 |   267 |   465 |   524 |       |       |       ||  1485
         Hand axe          |       |       |       |       |     7 |       |       |       ||     7
         Broad axe         |       |       |       |       |   285 |  1498 |  1487 |   963 ||  4233
  Throw: Javelin           |    27 |    27 |    19 |    46 |   184 |   229 |   250 |   115 ||   897
         Boomerang         |       |       |       |    93 |   101 |     6 |       |       ||   200
 Invoke: Heroism           |       |       |     8 |    21 |    34 |    52 |    13 |    18 ||   146
         Finesse           |       |       |       |       |    10 |     9 |     6 |     9 ||    34
    Use: Scroll            |     2 |     5 |     7 |    11 |     8 |     6 |     2 |     3 ||    44
         Potion            |     1 |     1 |     5 |     2 |     2 |     6 |       |    11 ||    28
   Stab: Distracted        |       |       |       |       |       |     1 |       |     1 ||     2
 Armour: Scale mail        |    72 |    71 |   158 |    42 |       |       |       |       ||   343
         Chain mail        |       |       |       |   227 |   328 |   523 |   351 |   229 ||  1658
  Dodge: Dodged            |    63 |    47 |    86 |   199 |   256 |   328 |   237 |   183 ||  1399
  Block: Buckler           |    21 |    23 |    54 |   116 |   130 |    11 |       |       ||   355
         Kite shield       |       |       |       |       |       |   351 |       |       ||   351
         Tower shield      |       |       |       |       |       |   317 |   789 |   515 ||  1621

Table legend:
 A = Non-vault XP
 B = Vault XP
 C = Vault XP percentage of total XP
 D = Non-vault monster count
 E = Vault monster count
 F = Vault count percentage of total count
                 A         B        C        D         E       F
            +---------+---------+-------+---------+---------+-------
      Total |  502022 |  332905 |  39.9 |    1172 |     606 |  34.1
            +---------+---------+-------+---------+---------+-------
        D:1 |      45 |       4 |   8.2 |      27 |       2 |   6.9
        D:2 |      82 |      32 |  28.1 |      22 |      11 |  33.3
        D:3 |      42 |       0 |   0.0 |      15 |       0 |   0.0
        D:4 |     415 |      41 |   9.0 |      16 |       2 |  11.1
        D:5 |     673 |     144 |  17.6 |      17 |       7 |  29.2
        D:6 |    1614 |      96 |   5.6 |      18 |       2 |  10.0
        D:7 |    1627 |     461 |  22.1 |      23 |       5 |  17.9
        D:8 |    1090 |    2592 |  70.4 |      17 |       4 |  19.0
        D:9 |    5882 |    1004 |  14.6 |      35 |       5 |  12.5
       D:10 |    3988 |       0 |   0.0 |      19 |       0 |   0.0
       D:11 |    4370 |    1102 |  20.1 |      22 |      15 |  40.5
       D:12 |    7861 |       0 |   0.0 |      21 |       0 |   0.0
       D:13 |    7496 |       0 |   0.0 |      14 |       0 |   0.0
       D:14 |    8859 |    7895 |  47.1 |      17 |      11 |  39.3
       D:15 |   13455 |   10589 |  44.0 |      31 |      18 |  36.7
     Lair:1 |    4506 |    3126 |  41.0 |      21 |       9 |  30.0
     Lair:2 |    6469 |    1706 |  20.9 |      21 |       7 |  25.0
     Lair:3 |    7329 |     455 |   5.8 |      23 |       4 |  14.8
     Lair:4 |    8437 |       0 |   0.0 |      30 |       0 |   0.0
     Lair:5 |   12538 |   10792 |  46.3 |      38 |      29 |  43.3
   Shoals:1 |    8745 |       0 |   0.0 |      19 |       0 |   0.0
   Shoals:2 |    7354 |       0 |   0.0 |      15 |       0 |   0.0
   Shoals:3 |   19913 |    7840 |  28.2 |      39 |       9 |  18.8
   Shoals:4 |   20617 |   17821 |  46.4 |      45 |      32 |  41.6
   Spider:1 |   14451 |       0 |   0.0 |      44 |       0 |   0.0
   Spider:2 |   10030 |    6551 |  39.5 |      22 |       7 |  24.1
   Spider:3 |   23779 |    1228 |   4.9 |      62 |       1 |   1.6
   Spider:4 |   24964 |   19676 |  44.1 |      61 |      29 |  32.2
      Orc:1 |    1061 |       0 |   0.0 |      21 |       0 |   0.0
      Orc:2 |       0 |   25787 | 100.0 |       0 |     159 | 100.0
   Vaults:1 |   37521 |   14365 |  27.7 |      59 |      18 |  23.4
   Vaults:2 |   26862 |   21473 |  44.4 |      39 |      24 |  38.1
   Vaults:3 |   30893 |   39994 |  56.4 |      47 |      49 |  51.0
   Vaults:4 |   37417 |   19443 |  34.2 |      49 |      22 |  31.0
   Vaults:5 |   10972 |   43992 |  80.0 |      17 |      40 |  70.2
   Depths:1 |   37701 |   10634 |  22.0 |      49 |      11 |  18.3
   Depths:2 |   23300 |   33608 |  59.1 |      31 |      40 |  56.3
   Depths:3 |   31784 |    4542 |  12.5 |      33 |       6 |  15.4
   Depths:4 |   11750 |   19113 |  61.9 |      13 |      15 |  53.6
    Abyss:2 |   26130 |       0 |   0.0 |      60 |       0 |   0.0
   Gauntlet |       0 |    6799 | 100.0 |       0 |      13 | 100.0
            +---------+---------+-------+---------+---------+-------
